 Dungeon Crawl Stone Soup version 0.21.0-3-g78d12a8bdd (webtiles) character file.

13419624 glosham the Ninja (level 27, 165/165 HPs)
             Began as a Spriggan Enchanter on Jan 13, 2018.
             Was the Champion of Dithmenos.
             Escaped with the Orb
             ... and 15 runes on Jan 17, 2018!
             The game lasted 1 day 14:58:25 (118817 turns).

glosham the Ninja (Spriggan Enchanter)        Turns: 118817, Time: 1 , 14:58:26

Health: 165/165    AC:  5    Str: 14      XL:     27
Magic:  62/62      EV: 46    Int: 24 (28) God:    Dithmenos [******]
Gold:   6076       SH:  0    Dex: 25      Spells: 0/76 levels left

rFire    + + +     SeeInvis +   c - +6 arbalest "Damnation" {damnation}
rCold    + + +     Gourm    .   (shield currently unavailable)
rNeg     + + +     Faith    +   X - +2 robe {Archmagi}
rPois    +         Spirit   .   W - -2 hat of the Alchemist {rElec rPois rF+ rC+ rN+ MR+ rMut rCorr}
rElec    +         Reflect  .   Y - +0 cloak of the Saviour {rN+ MP+9}
rCorr    +         Harm     .   (gloves unavailable)
rMut     +                      (boots unavailable)
MR       ++++.                  z - amulet of the Garden {Faith rC+}
Stlth    +++++++...             A - ring "Keqom" {rN+ Str+4 Dex+4}
HPRegen  0.37/turn              E - ring "Iblikouj" {+Inv rF++ MR- Int+6 Dex+3}
MPRegen  0.38/turn

@: wreathed by umbra, deflect missiles, very quick
A: very small, unfitting armour, horns 1, repulsion field 1, iridescent scales
1, see invisible, blink, cold resistance 1, herbivore, speed 3, electricity
resistance, slow metabolism 2
0: Orb of Zot
}: 15/15 runes: serpentine, barnacled, slimy, silver, golden, iron, obsidian,
icy, bone, abyssal, demonic, glowing, magical, fiery, dark
a: Blink, Shadow Step, Shadow Form, Renounce Religion, Evoke Invisibility


You escaped.
You worshipped Dithmenos.
Dithmenos was exalted by your worship.
You were very full.

You visited 18 branches of the dungeon, and saw 90 of its levels.
You visited Pandemonium 5 times, and saw 13 of its levels.
You visited the Abyss 2 times.
You visited 1 bazaar.
You also visited: Labyrinth, Trove, Ossuary, Wizlab and Desolation.

You collected 14858 gold pieces.
You spent 8782 gold pieces at shops.

Inventory:

Hand Weapons
 a - the +4 dagger "Morg" {pain, MR+ Int+5}
   (You found it on level 3 of the Crypt)

   In the hands of one skilled in necromantic magic, it inflicts extra damage on
   living creatures.
   It affects your intelligence (+5).
   It affects your resistance to hostile enchantments.
 b - a +9 dagger of freezing
 c - the +6 arbalest "Damnation" (weapon) {damnation}
   (You found it in a treasure trove)
 d - the +4 staff of Dispater
   (You took it off Dispater on level 7 of the Iron City of Dis)
Missiles
 V - 181 bolts (quivered)
Armour
 W - the -2 hat of the Alchemist (worn) {rElec rPois rF+ rC+ rN+ MR+ rMut rCorr}
   (You found it in a wizard's laboratory)

   It protects you from fire.
   It protects you from cold.
   It insulates you from electricity.
   It protects you from poison.
   It protects you from negative energy.
   It affects your resistance to hostile enchantments.
   It protects you from acid and corrosion.
   It protects you from mutation.
 X - a +2 robe of the Archmagi (worn)
 Y - the +0 cloak of the Saviour (worn) {rN+ MP+9}
   (You found it on level 7 of the Iron City of Dis)

   It protects you from negative energy.
   It affects your magic capacity (+9).
Magical Staves
 e - an uncursed staff of energy {!a}
Jewellery
 z - the amulet of the Garden (around neck) {Faith rC+}
   (You found it on level 4 of the Vaults)

   [amulet of faith]

   It allows you to gain divine favour quickly.
   It protects you from cold.
 A - the ring "Keqom" (left hand) {rN+ Str+4 Dex+4}
   (You found it on level 3 of the Crypt)

   [ring of positive energy]

   It affects your strength (+4).
   It affects your dexterity (+4).
   It protects you from negative energy.
 B - the ring "Coyhiadgh" {+Fly rF+ rC+ rN+}
   (You found it on level 7 of Tartarus)

   [ring of positive energy]

   It protects you from fire.
   It protects you from cold.
   It protects you from negative energy.
   It lets you fly.
 E - the ring "Iblikouj" (right hand) {+Inv rF++ MR- Int+6 Dex+3}
   (You took it off a minotaur in a labyrinth)

   [ring of intelligence]

   It affects your intelligence (+6).
   It affects your dexterity (+3).
   It greatly protects you from fire.
   It affects your resistance to hostile enchantments.
   It lets you turn invisible.
Wands
 f - a wand of paralysis (84)
 g - a wand of digging (88)
 h - a wand of polymorph (104)
 i - a wand of acid (42)
 j - a wand of iceblast (72)
 C - a wand of enslavement (45)
 D - a wand of scattershot (13)
Scrolls
 k - 19 scrolls of teleportation
 m - 5 scrolls of fog
 n - 12 scrolls of fear
 o - 18 scrolls of remove curse
 p - 7 scrolls of identify
 G - a scroll of magic mapping
 H - 9 scrolls of holy word
 I - 8 scrolls of summoning
 J - 5 scrolls of vulnerability
 T - 2 scrolls of silence {!r}
Potions
 q - 5 potions of ambrosia
 r - 28 potions of curing
 s - 21 potions of heal wounds
 t - 11 potions of magic
 u - 5 potions of resistance
 v - 8 potions of haste
 w - 6 potions of brilliance
 x - 6 potions of agility
 y - 2 potions of might
 K - 2 potions of invisibility
 L - 3 potions of cancellation
 M - 12 potions of flight
 N - 13 potions of lignification
 O - 14 potions of mutation {!q}
Miscellaneous
 l - a figurine of a ziggurat
 F - 2 boxes of beasts
 P - a fan of gales
 Q - a crystal ball of energy
 R - 6 phantom mirrors
 S - the horn of Geryon
 U - 5 sacks of spiders
Comestibles
 Z - 5 rations


   Skills:
 - Level 23.5 Fighting
 - Level 12.5 Short Blades
 - Level 18.0 Crossbows
 - Level 4.2 Armour
 O Level 27 Dodging
 O Level 27 Stealth
   Level 7.2 Shields
 - Level 18.7 Unarmed Combat
 - Level 25.1 Spellcasting
   Level 1.0 Conjurations
 - Level 16.6 Hexes
 - Level 15.0 Charms
 * Level 11.5 Necromancy
 - Level 19.1 Translocations
 - Level 16.9 Transmutations
 - Level 1.0 Ice Magic
 - Level 5.0 Air Magic
 - Level 4.0 Earth Magic
   Level 1.1 Poison Magic
 - Level 13.0 Invocations
 - Level 15.5 Evocations


You couldn't memorise any spells.
You knew the following spells:

 Your Spells              Type           Power        Failure   Level  Hunger
a - Apportation           Tloc           ######       0%          1    None
b - Blink                 Tloc           N/A          0%          2    None
c - Confuse               Hex            ########     0%          3    None
d - Deflect Missiles      Chrm/Air       #######...   2%          6    None
l - Lee's Rapid Deconstr  Erth           ######....   6%          5    None
n - Necromutation         Tmut/Necr      #######...   21%         8    #####..
p - Passwall              Tmut/Erth      #######...   1%          2    None
r - Regeneration          Chrm/Necr      #######...   0%          3    None
s - Song of Slaying       Chrm           ########     0%          2    None
v - Blade Hands           Tmut           ########..   1%          5    None
z - Ozocubu's Armour      Chrm/Ice       #######.     1%          3    None
B - Summon Butterflies    Summ           #####...     1%          1    None
D - Dragon Form           Tmut           ########..   1%          7    ###....
F - Cause Fear            Hex            ########..   0%          4    None
P - Portal Projectile     Hex/Tloc       ######       0%          3    None
R - Borgnjor's Revivific  Necr           #######...   52%         8    #####..
S - Silence               Hex/Air        #######...   1%          5    None
Y - Death's Door          Chrm/Necr      #######...   30%         8    #####..


Dungeon Overview and Level Annotations

Branches:
Dungeon (15/15)            Temple (1/1) D:7            Lair (6/6) D:8
 Shoals (4/4) Lair:3        Snake (4/4) Lair:2        Slime (5/5) Lair:5
    Orc (2/2) D:9             Elf (3/3) Orc:2        Vaults (5/5) D:13
  Crypt (3/3) Vaults:2       Tomb (3/3) Crypt:3      Depths (5/5) D:15
   Hell (1/1)                 Dis (7/7) Hell            Geh (7/7) Hell
    Coc (7/7) Hell            Tar (7/7) Hell            Zot (5/5) Depths:5

Altars:
Ashenzari
Cheibriados
Dithmenos
Elyvilon
Fedhas
Gozag
Hepliaklqana
Kikubaaqudgha
Makhleb
Nemelex Xobeh
Okawaru
Qazlal
Ru
Sif Muna
Trog
Uskayaw
Vehumet
Wu Jian
Xom
Yredelemnul
Zin
The Shining One

Shops:
D:7 [=*?   D:13 !   Orc:2 (=}**   Shoals:2 (   Vaults:2 (   Vaults:4 *
Depths:1 =}}   Depths:3 *   Depths:5 }((=

Portals:
Hell: Depths:1 Depths:2 Depths:3 Depths:4 Depths:5
Abyss: Depths:1 Depths:2 Depths:4 Depths:5
Pandemonium: Depths:3
Ziggurat: Depths:3

Annotations:
Tomb:3 Artagas's ghost, legendary HOFi; Khufu
Geh:7 Asmodeus
Tar:7 Ereshkigal


Innate Abilities, Weirdness & Mutations

You are very small and have problems with some larger weapons.
You are too small for most types of armour.
You have supernaturally acute eyesight. (SInv)
You are a herbivore.
You cover ground extremely quickly.
You need consume almost no food.
You have a pair of small horns on your head.
You are surrounded by a mild repulsion field. (EV +2)
You are partially covered in iridescent scales. (AC +2)
You can translocate small distances at will.
Your flesh is cold resistant. (rC+)
You are resistant to electric shocks. (rElec)


Message History

Magic restored.
There is a stone staircase leading up here.
You climb upwards.
There is a stone staircase leading down here.
Things that are here:
a robe; a dagger
There is a stone staircase leading up here.
You climb upwards.
There is a stone staircase leading down here.
There is a stone staircase leading up here.
You climb upwards.
There is a stone staircase leading down here.
There is a stone staircase leading up here.
You climb upwards.
There is a stone staircase leading down here.
An Executioner comes into view.
Firing (i - inventory):
V - 183 bolts (quivered)
Press: ? - help, Shift-Dir - straight line, f - Executioner
Aim: an Executioner (hasn't noticed you, umbra)
You shoot a damnation bolt. The Executioner gives a hideous shriek!
The damnation bolt hits the Executioner!
The Executioner is lightly wounded.
The damnation bolt explodes!
The damnation engulfs the Executioner.
The Executioner is severely wounded.
The Executioner gestures at you. You resist with almost no effort.
Firing (i - inventory):
V - 182 bolts (quivered)
Press: ? - help, Shift-Dir - straight line, f/p - Executioner
Aim: an Executioner (severely wounded, umbra)
You shoot a damnation bolt.
The damnation bolt hits the Executioner!!
The Executioner is almost dead.
The damnation bolt explodes!
The damnation engulfs the Executioner.
You kill the Executioner!
Dithmenos accepts your kill.
Your shadow shoots a bolt.
The bolt disappears in a puff of smoke!
There is an open door here.
There is a staircase leading out of the dungeon here.
You have escaped!

#.#.# #........[..##
####.#.###.###..####...
##..........#
#..#######
#...........#
#.........
#.#.........#
##.......#
#.#...###...# #######..
#.#..##.##..####### ###
#.#..#...#........###
#.#..'.@.'..#####...#
#.#..#...#..# ###.####
#.#..##.##..# #.....
#.#...###...# ######
#.#.........#
#.....†.....#
#...........#
#.########..# ###
#.########.## #..


There were no monsters in sight!

Vanquished Creatures
  Cerebov (Pan)
  Antaeus (Coc:7)
  the Royal Jelly (Slime:5)
  the Serpent of Hell (Dis:7)
  A seraph (Pan)
  Lom Lobon (Pan)
  Dispater (Dis:7)
  Mnoleg (Pan)
  10 orbs of fire (Zot:5)
  7 ancient liches
  Mennas (Pan)
  4 juggernauts (Depths:4)
  13 greater mummies (Tomb:1)
  3 shard shrikes
  A curse toe (Zot:5)
  4 Killer Klowns
  A caustic shrike (Depths:4)
  A mutant beast (WizLab)
  Geryon (Hell)
  4 pandemonium lords (Pan)
  15 golden dragons
  3 doom hounds
  4 bone dragons
  2 pearl dragons (Pan)
  16 Tzitzimimeh
  2 iron giants (Dis:7)
  8 Brimstone Fiends
  2 electric golems (Zot:5)
  26 Orb Guardians
  12 Hell Sentinels
  23 tentacled monstrosities
  Rupert (D:14)
  12 liches
  A shard shrike skeleton (Crypt:1)
  7 quicksilver dragons
  10 titans
  12 Ice Fiends
  A deep elf master archer (Elf:3)
  2 deep elf blademasters
  24 acid blobs
  4 krakens (Shoals:3)
  11 tengu reavers
  12 death cobs
  Frances (Shoals:1)
  7 Executioners
  17 sphinxes
  13 shadow dragons
  Gastronok (D:10)
  9 ancient champions
  2 warmongers (Pan)
  12 storm dragons
  The ghost of Somebody the Impaler, an adept MfBe of Trog (Shoals:3)
  Donald (Elf:3)
  4 draconian monks
  4 revenants
  12 fire giants
  6 nagarajas
  10 azure jellies
  Ilsuiw (Shoals:4)
  19 cacodemons
  18 daevas (Pan)
  11 iron dragons
  19 balrugs
  2 orc warlords
  11 vault wardens
  5 deep elf sorcerers
  5 ghost moths
  2 curse skulls
  22 frost giants
  Louise (Shoals:2)
  2 draconian shifters
  Aizul (Shoals:3)
  5 draconian scorchers
  A caustic shrike zombie (Depths:3)
  6 draconian knights
  22 angels (Pan)
  A spriggan defender (Depths:2)
  3 deep elf elementalists (Elf:3)
  A draconian stormcaller (Depths:5)
  2 ghouls (Crypt:2)
  6 war gargoyles
  13 ironheart preservers
  2 blood saints (Pan)
  11 draconian annihilators
  5 elemental wellsprings
  A juggernaut skeleton (Crypt:2)
  14 green draconians
  45 reapers
  22 stone giants
  5 black suns (Pan)
  27 apis (Pan)
  10 vampire knights
  2 entropy weavers
  3 corrupters (Pan)
  12 ophanim (Pan)
  22 very ugly things
  2 bennus (Tomb:1)
  5 deep elf demonologists
  7 yellow draconians
  16 black draconians
  12 purple draconians
  2 lorocyprocas
  11 spark wasps
  13 deep elf annihilators
  10 red draconians
  11 white draconians
  8 mummy priests
  10 deep elf death magi
  2 eidola
  Josephine (D:13)
  9 blizzard demons
  17 ettins
  5 green deaths (Pan)
  7 fire dragons
  10 jiangshi
  17 merfolk impalers
  A ragged hierophant (Desolation)
  9 merfolk javelineers
  3 crystal guardians (Crypt:3)
  7 deep elf high priests
  A kraken zombie (Hell)
  A minotaur (Lab)
  10 death oozes
  21 yaktaur captains
  12 great orbs of eyes
  2 monstrous demonspawn (Pan)
  9 hydras
  26 ice dragons
  6 rakshasas
  16 naga warriors
  30 vault guards
  3 alligator snapping turtles
  3 hell beasts
  2 quicksilver dragon skeletons
  3 spriggan air magi
  A peacekeeper (Desolation)
  41 two-headed ogres
  2 servants of whispers (Desolation)
  Erica (Orc:1)
  14 anacondas
  3 merfolk aquamancers
  9 centaur warriors
  A ghost crab (Tar:7)
  2 merfolk avatars (Shoals:4)
  A death yak (Lair:3)
  3 death knights
  A two-headed ogre (shapeshifter) (Vaults:3)
  9 tengu warriors
  14 ogre magi
  18 death scarabs (Tomb:1)
  3 orc high priests
  9 hell hogs
  8 deep troll shamans
  25 dancing weapons
  A storm dragon zombie (Tar:7)
  9 deep troll earth magi
  9 vampire magi
  10 naga sharpshooters
  6 titan zombies
  28 sun demons
  14 spriggan berserkers
  14 hell knights
  A wretched star (Abyss:3)
  36 deep elf knights
  34 soul eaters
  2 fire crabs (shapeshifter)
  5 titan skeletons
  7 shock serpents
  18 iron trolls
  2 iron golems
  77 skeletal warriors
  23 shadow wraiths
  11 shadow demons
  3 golden dragon zombies
  2 ghost moth zombies
  15 sea snakes
  20 sixfirhies
  7 death drakes
  6 unseen horrors
  A deep troll (shapeshifter) (WizLab)
  26 deep trolls
  8 glowing orange brains
  14 cherubim (Pan)
  3 salamander mystics
  6 torturous demonspawn (Pan)
  2 unseen horrors (shapeshifter)
  3 anaconda zombies
  4 golden dragon skeletons
  6 infernal demonspawn (Pan)
  An obsidian statue (Zot:5)
  A kraken simulacrum (Hell)
  6 gelid demonspawn (Pan)
  12 flayed ghosts
  18 deep elf archers
  11 ironbrand convokers
  2 anaconda skeletons (Hell)
  13 wizards
  12 orc knights
  3 lindwurms (Depths:5)
  57 deep elf magi
  2 iron dragon zombies
  A shadow dragon zombie (Dis:7)
  10 necromancers
  12 phantasmal warriors
  9 harpies
  4 fire giant zombies
  3 oklob plants (Lair:2)
  7 shining eyes
  10 naga ritualists
  8 mana vipers
  60 ugly things
  A mana viper (shapeshifter) (WizLab)
  5 stone giant zombies
  2 orc sorcerers
  7 frost giant zombies
  3 wolf spider zombies
  12 cyclopes
  A worldbinder (Abyss:3)
  A wolf spider (Vaults:1)
  8 salamanders
  2 frost giant skeletons
  2 shadow dragon skeletons
  24 moths of wrath
  2 shock serpent zombies
  2 stone giant skeletons
  16 manticores
  Maurice (D:9)
  4 black mambas (shapeshifter)
  A torpor snail (Lair:3)
  Psyche (D:12)
  6 ice statues
  11 water nymphs
  3 guardian serpents
  8 merfolk sirens
  24 naga magi
  16 elephants
  2 shock serpent skeletons
  3 molten gargoyles (Geh:7)
  41 black mambas
  12 rust devils
  4 dire elephant zombies
  3 fire giant skeletons
  24 smoke demons
  4 eyes of devastation
  6 vault sentinels
  3 gargoyles
  3 rime drakes
  15 orange demons
  6 efreet
  2 rime drakes (shapeshifter)
  10 komodo dragons
  10 spiny frogs
  A black draconian zombie (Coc:7)
  17 hellions
  A spiny frog (shapeshifter) (Depths:4)
  A yaktaur (shapeshifter) (WizLab)
  A komodo dragon (shapeshifter) (WizLab)
  52 ice devils
  6 demonic crawlers (Pan)
  37 yaktaurs
  2 kobold demonologists
  20 tormentors
  16 guardian mummies
  23 freezing wraiths
  An anaconda simulacrum (Coc:7)
  18 hellwings
  5 hydra zombies
  5 tengu conjurers
  8 trolls
  21 red devils
  A jumping spider (shapeshifter) (Depths:1)
  20 merfolk
  3 harpy zombies
  4 silent spectres
  5 polar bears
  10 wind drakes
  3 meliai (shapeshifter) (WizLab)
  A minotaur zombie (Dis:7)
  2 queen bees
  A queen bee (shapeshifter) (WizLab)
  A wolf spider simulacrum (D:15)
  12 hornets
  A hornet (shapeshifter) (WizLab)
  A wind drake (shapeshifter) (WizLab)
  A jumping spider (Vaults:2)
  9 snapping turtles
  A raiju (Abyss:3)
  22 blink frogs
  A sphinx simulacrum (Depths:2)
  83 slime creatures
  Grinder (D:5)
  A minotaur skeleton (Geh:7)
  7 saltlings (Desolation)
  Prince Ribbit (D:9)
  A harpy skeleton (Coc:7)
  A deep troll zombie (D:15)
  2 fire dragon zombies
  5 hydra skeletons
  3 alligator zombies (Coc:7)
  2 ettin zombies
  A slime creature (shapeshifter) (Elf:2)
  A dream sheep (shapeshifter) (Vaults:3)
  18 dream sheep
  4 hippogriffs (shapeshifter)
  An ice dragon zombie (Coc:7)
  A frost giant simulacrum (Coc:7)
  9 hippogriffs
  A fire giant simulacrum (Hell)
  A tarantella (Vaults:5)
  A centaur simulacrum (D:11)
  87 flying skulls
  2 spriggan skeletons (Depths:3)
  An alligator skeleton (Tomb:1)
  2 redbacks (Vaults:2)
  15 shadows
  2 spriggans (shapeshifter)
  2 black mamba zombies
  An elf simulacrum (Depths:3)
  3 ynoxinuls (Pan)
  7 air elementals
  2 hogs (shapeshifter) (WizLab)
  2 yaks (shapeshifter)
  2 fire bats (Abyss:3)
  A fire bat (shapeshifter) (Depths:5)
  3 fire dragon skeletons
  16 spriggans
  A basilisk (shapeshifter) (WizLab)
  3 ettin skeletons
  23 water elementals
  57 yaks
  8 ushabtiu
  A tarantella (shapeshifter) (WizLab)
  4 basilisks
  14 fire elementals
  5 golden eyes
  4 wyverns
  Eustachio (D:6)
  2 humans (shapeshifter)
  3 vampire mosquitoes
  21 wraiths
  A golden eye (shapeshifter) (WizLab)
  12 chaos spawn (Pan)
  25 neqoxecs
  2 steam dragons
  3 hungry ghosts
  2 spatial vortices
  A soldier ant (D:12)
  20 large abominations
  5 wargs
  A warg (shapeshifter) (Vaults:5)
  35 nagas
  4 spiny frog zombies
  Edmund (D:6)
  A soldier ant (shapeshifter) (Depths:4)
  10 porcupines
  6 small abominations (WizLab)
  Duvessa (D:7)
  10 water moccasins
  29 hell hounds
  6 floating eyes
  4 snapping turtle zombies
  3 spiny frog skeletons
  5 swamp drakes (Depths:5)
  6 sky beasts
  45 orc warriors
  A blink frog zombie (Crypt:1)
  The ghost of SirChikenkiller the Cudgeler, an amateur MiBe of Trog (D:3)
  3 eyes of draining
  4 ice beasts
  6 black bears
  An alligator simulacrum (Hell)
  4 phantoms
  16 necrophages
  An ettin simulacrum (Coc:7)
  An eye of draining (shapeshifter) (WizLab)
  2 manticore zombies
  24 wolves
  5 snapping turtle skeletons
  24 centaurs
  50 ogres
  17 crocodiles
  10 boggarts
  A manticore skeleton (Crypt:2)
  5 big kobolds
  A big kobold (shapeshifter) (Vaults:1)
  19 bullfrogs
  5 earth elementals
  A wyvern zombie (D:7)
  A glowing shapeshifter simulacrum (Vaults:3)
  2 water moccasin zombies (Ossuary)
  Dowan (D:7)
  A wyvern skeleton (Crypt:2)
  3 scorpions
  45 killer bees
  16 wights
  A yak skeleton (Crypt:1)
  An electric eel (Lair:3)
  2 howler monkeys
  A bullfrog zombie (D:8)
  26 crimson imps
  3 human simulacra
  18 orc priests
  3 centaur zombies
  16 jellies
  31 orc wizards
  8 hounds
  2 human zombies
  A quasit (D:9)
  13 iron imps
  2 bullfrog skeletons
  6 centaur skeletons
  5 iguanas
  A human skeleton (Coc:7)
  13 worker ants
  5 hell rats (Hell)
  A porcupine skeleton (Crypt:2)
  A killer bee zombie (Crypt:1)
  5 big kobold zombies (Ossuary)
  A tengu zombie (Dis:7)
  4 hound zombies
  A hound skeleton (D:4)
  19 mummies
  A howler monkey zombie (D:8)
  3 worker ant zombies
  A howler monkey skeleton (D:10)
  3 gnolls (D:5)
  7 adders
  15 shadow imps
  19 white imps
  4 ufetubi
  A halfling zombie (Crypt:2)
  2 oozes (Lair:5)
  7 adder zombies (Ossuary)
  An adder skeleton (D:8)
  6 worms
  A ball lightning (Pan)
  3 leopard geckos
  120 orcs
  2 ball pythons
  12 bats
  4 giant cockroaches
  7 goblins
  8 hobgoblins
  12 jackals
  26 kobolds
  5 quokkas
  9 frilled lizards
  2 gnoll zombies (Ossuary)
  A goblin zombie (Crypt:2)
  5 hobgoblin zombies (Ossuary)
  A jackal zombie (Crypt:1)
  4 kobold zombies (Ossuary)
  An orc skeleton (Tar:7)
  5 orc zombies (Ossuary)
  A quokka skeleton (D:9)
  12 rats
  A bush (Shoals:3)
  2 butterflies (Lair:6)
  4 fire vortices (Pan)
  2 fungi
  A plant (Lair:2)
  A tentacle (Shoals:3)
  A withered plant (D:15)
4035 creatures vanquished.

Vanquished Creatures (collateral kills)
  3 vault guards (D:13)
  5 two-headed ogres
  A deep elf knight (Elf:1)
  A deep elf mage (Elf:1)
  A tengu conjurer (Depths:5)
  A naga (Lair:2)
  5 ogres (Orc:2)
  A killer bee (D:9)
18 creatures vanquished.

Vanquished Creatures (others)
  A stone giant (Depths:2)
  An ettin (Depths:2)
  5 death scarabs (Tomb:2)
  A hell hog (Depths:2)
  3 yaktaurs (Depths:2)
  2 flying skulls (Tomb:2)
  5 dancing weapons
  A naga (Snake:3)
  An ogre (Depths:2)
  A snapping turtle zombie (Tomb:2)
  2 iron imps (Dis:7)
  4 mummies (Tomb:2)
  3 ball lightnings
  A quokka (D:9)
  8 fungi
  36 plants
  4 starspawn tentacles (Abyss:3)
  7 tentacles
86 creatures vanquished.

Grand Total: 4139 creatures vanquished

Notes
Turn   | Place    | Note
-------+----------+-------------------------------------------
     0 | D:1      | glosham the Spriggan Enchanter began the quest for the Orb.
     0 | D:1      | Reached XP level 1. HP: 9/9 MP: 5/5
   238 | D:1      | Reached skill level 2 in Short Blades
   290 | D:1      | Reached XP level 2. HP: 13/13 MP: 6/6
   893 | D:1      | Learned a level 2 spell: Ensorcelled Hibernation
  1065 | D:1      | Reached skill level 3 in Short Blades
  1689 | D:2      | Reached XP level 3. HP: 16/16 MP: 5/8
  1796 | D:2      | Learned a level 3 spell: Confuse
  2453 | D:2      | Reached skill level 3 in Spellcasting
  2499 | D:2      | Learned a level 2 spell: Blink
  2575 | D:2      | Reached skill level 1 in Translocations
  2711 | D:2      | Reached skill level 2 in Translocations
  2822 | D:2      | Reached XP level 4. HP: 21/21 MP: 9/9
  3029 | D:3      | Noticed SirChikenkiller's ghost (amateur MiBe)
  3220 | D:3      | Killed SirChikenkiller's ghost
  3220 | D:3      | Reached skill level 5 in Spellcasting
  3220 | D:3      | Reached XP level 5. HP: 24/24 MP: 4/13
  3227 | D:2      | Learned a level 2 spell: Slow
  3231 | D:2      | Learned a level 3 spell: Tukima's Dance
  4151 | D:4      | Reached skill level 6 in Spellcasting
  4307 | D:4      | Noticed an ogre
  4328 | D:4      | Reached XP level 6. HP: 25/28 MP: 6/16
  4379 | D:4      | Reached skill level 7 in Spellcasting
  4725 | D:4      | Reached skill level 8 in Spellcasting
  4725 | D:4      | Reached XP level 7. HP: 32/32 MP: 19/19
  4985 | D:5      | Entered Level 5 of the Dungeon
  5116 | D:5      | Reached skill level 9 in Spellcasting
  5246 | D:5      | Reached skill level 5 in Stealth
  5386 | D:5      | Found a sand-covered staircase.
  5386 | D:5      | Noticed Grinder
  5539 | D:5      | Killed Grinder
  5539 | D:5      | Reached skill level 7 in Stealth
  5539 | D:5      | Reached XP level 8. HP: 36/36 MP: 22/22
  5547 | Ossuary  | Entered an ossuary
  5700 | Ossuary  | Reached skill level 8 in Stealth
  5936 | Ossuary  | Reached skill level 1 in Fighting
  6032 | Ossuary  | Reached skill level 4 in Hexes
  6208 | Ossuary  | Reached skill level 4 in Short Blades
  6729 | D:5      | Reached skill level 2 in Fighting
  6747 | D:5      | Reached skill level 5 in Short Blades
  7096 | D:6      | Reached skill level 3 in Fighting
  7117 | D:6      | Noticed Eustachio
  7128 | D:6      | Killed Eustachio
  7128 | D:6      | Reached skill level 4 in Dodging
  7160 | D:6      | Reached skill level 6 in Short Blades
  7160 | D:6      | Reached skill level 5 in Dodging
  7160 | D:6      | Reached XP level 9. HP: 44/44 MP: 23/23
  7246 | D:6      | Noticed Edmund
  7291 | D:6      | Killed Edmund
  7370 | D:6      | Reached skill level 6 in Dodging
  7574 | D:6      | Reached skill level 7 in Dodging
  7725 | D:6      | Learned a level 3 spell: Dazzling Spray
  7921 | D:7      | Found Niskual's Antique Armour Boutique.
  7924 | D:7      | Bought a runed robe for 77 gold pieces
  7982 | D:7      | Reached skill level 8 in Dodging
  8017 | D:7      | Found a staircase to the Ecumenical Temple.
  8023 | Temple   | Entered the Ecumenical Temple
  8066 | Temple   | Became a worshipper of Dithmenos the Shadowed
  8260 | D:7      | Reached skill level 9 in Dodging
  8378 | D:7      | Reached skill level 7 in Short Blades
  8462 | D:7      | Found Manymaum's Jewellery Emporium.
  8462 | D:7      | Found Hing's Assorted Antiques.
  8600 | D:7      | Found Ruixta Locs's Food Boutique.
  8606 | D:7      | Noticed Dowan
  8783 | D:7      | Found Tocvo's Magic Scroll Emporium.
  8843 | D:7      | Noticed Duvessa
  8883 | D:7      | Killed Duvessa
  8903 | D:7      | Killed Dowan
  9065 | D:6      | Reached skill level 8 in Short Blades
  9106 | D:7      | Bought a scroll labeled XUHADGH KOYRUY for 29 gold pieces
  9107 | D:7      | Bought an emerald potion for 26 gold pieces
  9138 | D:7      | Bought a scroll of identify for 22 gold pieces
  9138 | D:7      | Bought a scroll of identify for 22 gold pieces
  9138 | D:7      | Bought a scroll of identify for 22 gold pieces
  9138 | D:7      | Bought a scroll of identify for 22 gold pieces
  9138 | D:7      | Bought a scroll of blinking for 82 gold pieces
  9138 | D:7      | Bought a scroll of identify for 22 gold pieces
  9183 | D:8      | Noticed a two-headed ogre
  9190 | D:8      | Found a staircase to the Lair.
  9197 | D:8      | Killed a two-headed ogre
  9225 | D:8      | Learned a level 3 spell: Mephitic Cloud
  9246 | D:8      | Reached skill level 9 in Short Blades
  9357 | D:7      | Reached XP level 10. HP: 49/49 MP: 24/24
  9415 | D:7      | Reached * piety under Dithmenos
  9466 | D:7      | Reached skill level 10 in Short Blades
  9913 | D:7      | Reached skill level 4 in Fighting
  9913 | D:7      | Reached skill level 9 in Stealth
 10082 | D:8      | Found a snail-covered altar of Cheibriados.
 10809 | D:8      | Found a radiant altar of Vehumet.
 11138 | D:9      | Noticed a two-headed ogre
 11197 | D:9      | Killed a two-headed ogre
 11197 | D:9      | Reached skill level 5 in Fighting
 11197 | D:9      | Reached skill level 10 in Stealth
 11338 | D:9      | Reached skill level 11 in Stealth
 11453 | D:9      | Found a staircase to the Orcish Mines.
 11476 | D:9      | Reached ** piety under Dithmenos
 11911 | D:9      | Found a white marble altar of Elyvilon.
 11918 | D:9      | Reached XP level 11. HP: 56/56 MP: 25/25
 11976 | D:9      | Reached skill level 6 in Fighting
 12006 | D:9      | Learned a level 2 spell: Passwall
 12012 | D:9      | Noticed Maurice
 12015 | D:9      | Killed Maurice
 12015 | D:9      | Reached skill level 12 in Stealth
 12051 | D:9      | Noticed Prince Ribbit
 12059 | D:9      | Killed Prince Ribbit
 12730 | D:7      | Bought a +5 ring of evasion for 715 gold pieces
 12764 | Lair:1   | Entered Level 1 of the Lair of Beasts
 12867 | Lair:1   | Reached skill level 5 in Hexes
 13014 | Lair:1   | Reached skill level 6 in Hexes
 13359 | Lair:1   | Found a bloodstained altar of Trog.
 13469 | Lair:1   | Reached skill level 1 in Invocations
 13631 | Lair:1   | Reached skill level 1 in Shields
 13694 | Lair:1   | Reached skill level 7 in Hexes
 13767 | Lair:1   | Reached *** piety under Dithmenos
 13862 | Lair:1   | Reached skill level 10 in Dodging
 13867 | Lair:1   | Reached skill level 13 in Stealth
 14027 | Lair:1   | Noticed a five-headed hydra
 14058 | Lair:1   | Killed a five-headed hydra
 14058 | Lair:1   | Reached skill level 2 in Invocations
 14392 | Lair:2   | Noticed an oklob plant
 14392 | Lair:2   | Noticed an oklob plant
 14392 | Lair:2   | Noticed an oklob plant
 14405 | Lair:2   | Killed an oklob plant
 14406 | Lair:2   | Killed an oklob plant
 14406 | Lair:2   | Reached skill level 2 in Shields
 14408 | Lair:2   | Killed an oklob plant
 14417 | Lair:2   | Found a staircase to the Snake Pit.
 14463 | Lair:2   | Reached XP level 12. HP: 37/62 MP: 26/26
 14823 | Lair:2   | Reached skill level 8 in Hexes
 15211 | Lair:3   | Reached skill level 11 in Dodging
 15250 | Lair:3   | Reached skill level 3 in Invocations
 15465 | Lair:3   | Noticed a seven-headed hydra
 15502 | Lair:3   | Reached skill level 7 in Fighting
 15568 | Lair:3   | Reached skill level 14 in Stealth
 15568 | Lair:3   | Reached skill level 3 in Shields
 15630 | Lair:3   | Killed a seven-headed hydra
 15767 | Lair:3   | Noticed a death yak
 15861 | Lair:3   | Killed a death yak
 15865 | Lair:3   | Reached **** piety under Dithmenos
 15924 | Lair:3   | Noticed a five-headed hydra
 15926 | Lair:3   | Noticed a seven-headed hydra
 15931 | Lair:3   | Killed a five-headed hydra
 15931 | Lair:3   | Reached skill level 9 in Hexes
 15959 | Lair:3   | Killed a seven-headed hydra
 16155 | Lair:3   | Found a staircase to the Shoals.
 16198 | Lair:3   | Noticed an eight-headed hydra
 16204 | Lair:3   | Killed an eight-headed hydra
 16359 | Lair:3   | Reached skill level 12 in Dodging
 16391 | Lair:3   | Reached skill level 4 in Invocations
 16528 | Lair:4   | Reached skill level 4 in Shields
 16818 | Lair:4   | Reached skill level 15 in Stealth
 16818 | Lair:4   | Reached XP level 13. HP: 67/67 MP: 22/27
 17389 | Lair:5   | Reached skill level 10 in Hexes
 17449 | Lair:5   | Found a staircase to the Slime Pits.
 17673 | Lair:5   | Identified the +4 spear of Wuqo {pierce, rPois rF+ rC+} (You found it on level 5 of the Lair of Beasts)
 17734 | Lair:5   | Reached ***** piety under Dithmenos
 17888 | Lair:5   | Reached skill level 13 in Dodging
 18420 | Orc:1    | Entered Level 1 of the Orcish Mines
 18436 | Orc:1    | Noticed Erica
 18456 | Orc:1    | Killed Erica
 18487 | D:9      | Reached skill level 1 in Evocations
 18602 | Orc:1    | Reached skill level 5 in Shields
 18774 | Orc:1    | Reached skill level 16 in Stealth
 18865 | Orc:1    | Reached skill level 5 in Invocations
 18885 | Orc:1    | Reached skill level 10 in Spellcasting
 19076 | Orc:2    | Entered Level 2 of the Orcish Mines
 19188 | Orc:1    | Noticed an orc warlord
 19359 | Orc:2    | Killed an orc warlord
 19359 | Orc:2    | Reached skill level 2 in Evocations
 19775 | Orc:2    | Found a staircase to the Elven Halls.
 19871 | Orc:2    | Found Wuattieb's Antique Weapon Shop.
 20191 | Orc:2    | Reached skill level 1 in Transmutations
 20223 | Orc:2    | Reached skill level 8 in Fighting
 20226 | Orc:2    | Reached XP level 14. HP: 73/73 MP: 4/29
 20402 | Orc:2    | Reached skill level 14 in Dodging
 20437 | Orc:2    | Reached skill level 3 in Evocations
 20503 | Orc:2    | Reached ****** piety under Dithmenos
 20503 | Orc:2    | Reached skill level 2 in Transmutations
 20589 | Orc:2    | Found Izum's Jewellery Emporium.
 20589 | Orc:2    | Found Qefusk's Gadget Shop.
 20731 | Orc:2    | Found Wosmafal's General Store.
 20731 | Orc:2    | Found Sil Egga's General Store.
 20904 | D:7      | Bought a leatherbound book for 435 gold pieces
 20907 | D:7      | Bought an uncursed ring of poison resistance for 260 gold pieces
 20907 | D:7      | Bought an uncursed ring of flight for 227 gold pieces
 20907 | D:7      | Bought the ring of Harmony {rF+ Stlth+} for 409 gold pieces
 20965 | D:10     | Entered Level 10 of the Dungeon
 21202 | D:10     | Noticed Gastronok
 21204 | D:10     | Killed Gastronok
 21497 | Lair:5   | Reached skill level 11 in Hexes
 21497 | Lair:5   | Reached skill level 3 in Transmutations
 21507 | Lair:6   | Entered Level 6 of the Lair of Beasts
 21528 | Lair:6   | Reached skill level 4 in Evocations
 21530 | Lair:6   | Reached skill level 17 in Stealth
 21699 | Lair:6   | Identified the +2 mace "Unwakos" {flame, *Noise +Blink +Rage rElec} (You found it on level 6 of the Lair of Beasts)
 21893 | Lair:6   | Reached skill level 6 in Invocations
 22156 | Lair:6   | Reached skill level 1 in Earth Magic
 22546 | Lair:6   | Reached skill level 4 in Transmutations
 22660 | Lair:6   | Reached skill level 15 in Dodging
 23216 | Lair:6   | Reached XP level 15. HP: 78/78 MP: 14/30
 23547 | D:7      | Bought a scroll of enchant armour for 82 gold pieces
 24774 | D:11     | Reached skill level 1 in Poison Magic
 24796 | D:11     | Reached skill level 6 in Shields
 25086 | D:12     | Noticed Psyche
 25088 | D:12     | Killed Psyche
 25088 | D:12     | Reached skill level 11 in Spellcasting
 25151 | D:12     | Reached skill level 1 in Ice Magic
 25436 | D:12     | Reached skill level 5 in Transmutations
 25436 | D:12     | Reached skill level 1 in Air Magic
 25497 | D:12     | Reached skill level 1 in Conjurations
 25548 | D:12     | Reached skill level 18 in Stealth
 25714 | D:13     | Found Yfoggeh's Distillery.
 25747 | D:13     | Bought a potion of haste for 190 gold pieces
 25839 | D:13     | Found a shadowy altar of Dithmenos.
 25854 | D:13     | Found a labyrinth entrance.
 25870 | Lab      | Entered a labyrinth
 26049 | Lab      | Got a glittering iron ring
 26055 | Lab      | Got a coiled tin ring
 26055 | Lab      | Got a steaming bronze ring
 26056 | Lab      | Identified the ring "Iblikouj" {+Inv rF++ MR- Int+6 Dex+3} (You took it off a minotaur in a labyrinth)
 26057 | Lab      | Identified the ring of Heblaebe {+Blink +Fly rF+ MP-9 Dex+2} (You found it in a labyrinth)
 26058 | Lab      | Identified the ring of the Scarab {rCorr Dex+4} (You found it in a labyrinth)
 26941 | D:13     | Reached skill level 7 in Invocations
 27055 | D:13     | Noticed Josephine
 27087 | D:13     | Killed Josephine
 27426 | D:13     | Found a gate to the Vaults.
 27518 | D:13     | Reached skill level 9 in Fighting
 27994 | D:14     | Reached skill level 16 in Dodging
 27998 | D:14     | Reached skill level 6 in Transmutations
 28200 | D:14     | Noticed Rupert
 28359 | D:14     | Killed Rupert
 28687 | D:14     | Reached skill level 12 in Hexes
 28892 | D:14     | Found a sacrificial altar of Ru.
 29326 | D:15     | Entered Level 15 of the Dungeon
 29350 | D:15     | Learned a level 4 spell: Cause Fear
 29354 | D:15     | Learned a level 3 spell: Portal Projectile
 29360 | D:15     | Found a staircase to the Depths.
 29662 | D:15     | Reached XP level 16. HP: 84/84 MP: 26/32
 29756 | D:15     | Reached skill level 19 in Stealth
 29896 | D:15     | Found a portal to a secret trove of treasure.
 30427 | Elf:1    | Entered Level 1 of the Elven Halls
 31247 | Elf:1    | Reached skill level 8 in Invocations
 31733 | Elf:1    | Reached skill level 17 in Dodging
 31733 | Elf:1    | Reached skill level 12 in Spellcasting
 32898 | Elf:1    | Noticed an Executioner
 32925 | Elf:2    | Reached skill level 7 in Shields
 32943 | Elf:2    | Found a ruined gateway.
 32949 | Desolati | Entered the Desolation of Salt
 32984 | Desolati | Reached skill level 13 in Hexes
 33113 | Elf:2    | Reached skill level 20 in Stealth
 33114 | Elf:2    | Found a runed gate.
 33114 | Elf:2    | Found a runed gate.
 33123 | Elf:2    | Found a runed gate.
 33180 | Elf:2    | Found a magical portal.
 33192 | WizLab   | Entered Cigotuvi's Fleshworks
 33222 | WizLab   | Reached XP level 17. HP: 88/88 MP: 34/34
 33642 | WizLab   | Noticed Cigotuvi's Monster
 33644 | WizLab   | Killed Cigotuvi's Monster
 33651 | WizLab   | Identified the Guide on Moulding
 33659 | WizLab   | Identified Cigotuvi's Incunabulum of Transformation and Stolen Souls
 33669 | WizLab   | Learned a level 5 spell: Blade Hands
 33677 | WizLab   | Learned a level 7 spell: Dragon Form
 34046 | WizLab   | Reached skill level 1 in Unarmed Combat
 34175 | WizLab   | Reached skill level 2 in Unarmed Combat
 34201 | WizLab   | Found the -2 hat of the Alchemist {rElec rPois rF+ rC+ rN+ MR+ rMut rCorr}
 34325 | WizLab   | Reached skill level 3 in Unarmed Combat
 34443 | WizLab   | Reached skill level 4 in Unarmed Combat
 35516 | Elf:2    | Reached skill level 7 in Transmutations
 35836 | Snake:1  | Entered Level 1 of the Snake Pit
 35889 | Snake:1  | Reached skill level 5 in Unarmed Combat
 36028 | Snake:1  | Reached skill level 8 in Transmutations
 36383 | Snake:1  | Reached skill level 9 in Transmutations
 36429 | Snake:1  | Reached skill level 6 in Unarmed Combat
 36917 | Snake:2  | Reached skill level 7 in Unarmed Combat
 37335 | Snake:3  | Reached skill level 10 in Transmutations
 37347 | Snake:3  | Identified the ring "Imacwium" {+Inv rC+ Str+2} (You found it on level 3 of the Snake Pit)
 37471 | Snake:3  | Found a flickering gateway to a bazaar.
 37472 | Bazaar   | Entered a bazaar
 37472 | Bazaar   | Found Ryleme's Jewellery Shoppe.
 37472 | Bazaar   | Found Duneclixt's Armour Emporium.
 37476 | Bazaar   | Found Fira's Jewellery Emporium.
 37487 | Bazaar   | Found Xame's Armour Shoppe.
 37509 | Bazaar   | Bought the ring "Bokant" {Fire rN+ Slay+2} for 401 gold pieces
 38009 | Snake:3  | Reached XP level 18. HP: 93/93 MP: 32/35
 38117 | Snake:3  | Reached skill level 8 in Unarmed Combat
 38676 | Snake:3  | Reached skill level 11 in Transmutations
 38757 | Snake:4  | Entered Level 4 of the Snake Pit
 38819 | Snake:4  | Found a blossoming altar of Fedhas.
 39026 | Snake:4  | Reached skill level 9 in Unarmed Combat
 39571 | Snake:4  | Reached skill level 13 in Spellcasting
 40322 | Snake:4  | Reached skill level 10 in Unarmed Combat
 40618 | Snake:4  | Reached skill level 10 in Fighting
 41353 | Snake:4  | Got a serpentine rune of Zot
 41922 | Shoals:1 | Entered Level 1 of the Shoals
 42585 | Shoals:1 | Reached skill level 5 in Evocations
 42614 | Shoals:1 | Noticed Frances
 42616 | Shoals:1 | Killed Frances
 42616 | Shoals:1 | Reached skill level 6 in Evocations
 42951 | Shoals:1 | Identified the +4 lajatang of Eheosa {flame, *Contam Int+2 Dex+4 SInv} (You found it on level 1 of the Shoals)
 42960 | Shoals:1 | Reached skill level 7 in Evocations
 43221 | Shoals:2 | Noticed Louise
 43241 | Shoals:2 | Killed Louise
 43277 | Shoals:1 | Learned a level 1 spell: Confusing Touch
 43467 | Shoals:2 | Reached skill level 8 in Evocations
 43654 | Shoals:2 | Found Teoclus's Antique Weapon Shoppe.
 43822 | Shoals:2 | Reached skill level 9 in Evocations
 43902 | Shoals:2 | Reached XP level 19. HP: 99/99 MP: 37/37
 44016 | Shoals:2 | Identified the +5 buckler of the Villain {rCorr} (You found it on level 2 of the Shoals)
 44160 | Shoals:3 | Reached skill level 10 in Evocations
 44649 | Shoals:3 | Identified the +1 animal skin of Chill Winds {rElec rC+ Stlth+} (You found it on level 3 of the Shoals)
 44687 | Shoals:3 | Reached skill level 11 in Evocations
 44737 | Shoals:3 | Noticed Aizul
 44740 | Shoals:3 | Killed Aizul
 44967 | Shoals:3 | Reached skill level 12 in Evocations
 45165 | Shoals:3 | Noticed Somebody's ghost (adept MfBe)
 45202 | Shoals:3 | Killed Somebody's ghost
 45788 | Shoals:4 | Entered Level 4 of the Shoals
 45805 | Shoals:4 | Reached skill level 13 in Evocations
 46423 | Shoals:4 | Reached skill level 14 in Evocations
 46429 | Shoals:4 | Reached skill level 14 in Spellcasting
 46431 | Shoals:4 | Got a barnacled rune of Zot
 46637 | Shoals:4 | Identified the cursed -5 cloak of the Sun {-Cast rPois rF+++ Int+4} (You found it on level 4 of the Shoals)
 46686 | Shoals:4 | Identified the ring "Doidiush" {MP+9 SInv} (You found it on level 4 of the Shoals)
 47129 | Shoals:4 | Reached skill level 12 in Transmutations
 47245 | Shoals:4 | Noticed Ilsuiw
 47251 | Shoals:4 | Killed Ilsuiw
 47635 | Slime:1  | Entered Level 1 of the Pits of Slime
 48242 | D:15     | Learned a level 6 spell: Statue Form
 48308 | Vaults:1 | Entered Level 1 of the Vaults
 48466 | Vaults:1 | Reached XP level 20. HP: 104/104 MP: 39/39
 48487 | Vaults:1 | Reached skill level 18 in Dodging
 48501 | Vaults:1 | Reached skill level 9 in Invocations
 48623 | Vaults:1 | Learned a level 1 spell: Apportation
 49323 | Vaults:1 | Reached skill level 15 in Evocations
 50104 | Vaults:2 | Found a staircase to the Crypt.
 50337 | Vaults:2 | Found Waadwam's Weapon Shoppe.
 50541 | Vaults:2 | Reached skill level 13 in Transmutations
 50997 | Vaults:2 | Reached skill level 15 in Spellcasting
 50997 | Vaults:2 | Reached skill level 2 in Earth Magic
 51401 | Vaults:2 | Learned a level 1 spell: Summon Butterflies
 51703 | Vaults:3 | Reached skill level 14 in Hexes
 51947 | Vaults:3 | Identified the +4 shortbow of Makhleb's Displeasure {velocity, rC+ Str+4} (You found it on level 3 of the Vaults)
 52354 | Vaults:3 | Reached skill level 11 in Fighting
 52359 | Vaults:3 | Reached skill level 3 in Earth Magic
 53112 | Orc:2    | Bought the +15 Maxwell's patent armour {-Cast -Tele rElec MR+ rCorr} for 1396 gold pieces
 53112 | Orc:2    | Found the +15 Maxwell's patent armour {-Cast -Tele rElec MR+ rCorr}
 53342 | D:15     | You paid a toll of Maxwell's patent armour to enter a treasure trove
 53343 | Trove    | Entered a treasure trove
 53366 | Trove    | Found the +6 arbalest "Damnation" {damnation}
 53372 | Trove    | Got a polished quick blade
 53375 | Trove    | Identified the +8 quick blade "Dyufause" {pierce, Dex+3 Stlth+} (You found it in a treasure trove)
 53395 | Trove    | Identified the amulet of Compulsion {Gourm rN+ Str+3} (You found it in a treasure trove)
 53398 | Trove    | Identified the amulet "Nenilee" {Reflect rElec SH+2} (You found it in a treasure trove)
 53401 | Trove    | Identified the amulet of Tecyf {Inacc -Tele rN+ Dex+6} (You found it in a treasure trove)
 53720 | Elf:2    | Reached skill level 1 in Crossbows
 53740 | Elf:2    | Reached skill level 2 in Crossbows
 53769 | Elf:2    | Reached skill level 3 in Crossbows
 53910 | Elf:2    | Reached XP level 21. HP: 109/109 MP: 41/41
 53912 | Elf:2    | Reached skill level 4 in Crossbows
 54072 | Elf:2    | Reached skill level 5 in Crossbows
 54281 | Elf:3    | Entered Level 3 of the Elven Halls
 54387 | Elf:3    | Reached skill level 6 in Crossbows
 54637 | Elf:3    | Reached skill level 7 in Crossbows
 55456 | Elf:3    | Reached skill level 8 in Crossbows
 56044 | Elf:3    | Noticed Donald
 56338 | Elf:3    | Reached skill level 9 in Crossbows
 56400 | Elf:3    | Killed Donald
 56409 | Elf:3    | Got an ancient arbalest
 56410 | Elf:3    | Identified the cursed +2 arbalest "Juenahedgh" {freeze, +Fly rF+ rC- Dex+7} (You took it off Donald on level 3 of the Elven Halls)
 56484 | Elf:3    | Reached skill level 10 in Crossbows
 57029 | Elf:3    | Identified the Handbook of Ensnaring Displacement
 57559 | Shoals:2 | Bought a jewelled arbalest for 237 gold pieces
 57559 | Shoals:2 | Identified the +2 arbalest of Valiance {velocity, MP+9 Stlth+} (You bought it in a shop on level 2 of the Shoals)
 57885 | Vaults:4 | Reached skill level 11 in Crossbows
 58155 | Vaults:4 | Identified the amulet of the Garden {Faith rC+} (You found it on level 4 of the Vaults)
 58237 | Vaults:4 | Found a stormy altar of Qazlal.
 58346 | Vaults:4 | Found Ewkibij's General Store.
 58809 | Crypt:1  | Entered Level 1 of the Crypt
 58845 | Crypt:1  | Reached skill level 12 in Crossbows
 59425 | Crypt:1  | Reached skill level 13 in Crossbows
 60304 | Crypt:1  | Reached skill level 14 in Transmutations
 60378 | Crypt:1  | Reached XP level 22. HP: 114/114 MP: 39/42
 61236 | Crypt:2  | Reached skill level 15 in Transmutations
 62147 | Crypt:3  | Entered Level 3 of the Crypt
 62726 | Crypt:3  | Reached skill level 16 in Transmutations
 62785 | Crypt:3  | Found a staircase to the Tomb.
 62814 | Crypt:3  | Reached skill level 16 in Spellcasting
 63132 | Crypt:3  | Found the +4 dagger "Morg" {pain, MR+ Int+5}
 63476 | Crypt:3  | Reached skill level 17 in Spellcasting
 63702 | Crypt:3  | Found a basalt altar of Yredelemnul.
 63702 | Crypt:3  | Noticed an ancient lich
 63706 | Crypt:3  | Killed an ancient lich
 63739 | Crypt:3  | Got a pitted wooden ring
 63739 | Crypt:3  | Got a heavily runed silver ring
 63739 | Crypt:3  | Got a heavily runed copper ring
 63740 | Crypt:3  | Identified the ring of Ysoupiqu {rC- rN+ Str+5 Dex+4} (You found it on level 3 of the Crypt)
 63741 | Crypt:3  | Identified the ring "Tueczera" {rN+ MR- Str+5} (You found it on level 3 of the Crypt)
 63743 | Crypt:3  | Identified the ring "Keqom" {rN+ Str+4 Dex+4} (You found it on level 3 of the Crypt)
 64362 | Tomb:1   | Entered Level 1 of the Tomb of the Ancients
 64445 | Crypt:3  | Learned a level 3 spell: Regeneration
 64449 | Crypt:3  | Learned a level 3 spell: Spectral Weapon
 64773 | Tomb:1   | Reached skill level 18 in Spellcasting
 65982 | Tomb:1   | Noticed a greater mummy
 65982 | Tomb:1   | Noticed a greater mummy
 65984 | Tomb:1   | Killed a greater mummy
 65984 | Tomb:1   | Reached skill level 19 in Spellcasting
 65988 | Tomb:1   | Killed a greater mummy
 66243 | Tomb:1   | HP: 11/114 [sphinx (18)]
 66884 | Tomb:1   | Reached skill level 1 in Charms
 66884 | Tomb:1   | Reached XP level 23. HP: 118/118 MP: 42/47
 66891 | Tomb:1   | Reached skill level 2 in Charms
 67227 | Tomb:1   | Reached skill level 3 in Charms
 67239 | Tomb:1   | Reached skill level 4 in Charms
 67604 | Tomb:1   | Reached skill level 5 in Charms
 68313 | Depths:1 | Entered Level 1 of the Depths
 68352 | D:15     | Reached skill level 6 in Charms
 68621 | D:15     | Reached skill level 7 in Charms
 68639 | D:15     | Learned a level 6 spell: Deflect Missiles
 69107 | Depths:1 | Reached skill level 2 in Air Magic
 69135 | Depths:1 | Found Iloirch's Jewellery Shop.
 69135 | Depths:1 | Found Untet's Gadget Emporium.
 69136 | Depths:1 | Found Bugh's Gadget Emporium.
 69219 | Depths:1 | Reached skill level 8 in Charms
 69269 | Depths:1 | Reached skill level 3 in Air Magic
 69277 | Depths:1 | Found a sparkling altar of Nemelex Xobeh.
 69368 | Depths:1 | Found a shattered altar of Ashenzari.
 69431 | Depths:1 | Found a one-way gate to the infinite horrors of the Abyss.
 69519 | Depths:1 | Reached skill level 9 in Charms
 69552 | Depths:1 | Found a gateway to Hell.
 69878 | Depths:2 | Reached skill level 10 in Charms
 69878 | Depths:2 | Reached skill level 4 in Air Magic
 69979 | Depths:1 | Reached skill level 3 in Translocations
 70403 | Depths:1 | Reached skill level 11 in Charms
 70580 | Depths:1 | Reached skill level 4 in Translocations
 71041 | Depths:1 | Reached skill level 12 in Charms
 71240 | Depths:2 | Reached skill level 21 in Stealth
 72178 | Depths:2 | Reached skill level 10 in Invocations
 72220 | Depths:2 | Got a warped lead ring
 72222 | Depths:2 | Identified the ring of Fuijasy {rPois rF+ MR- Dex+4 Stlth+} (You took it off a wizard on level 2 of the Depths)
 72441 | Depths:2 | Reached skill level 19 in Dodging
 73206 | Depths:2 | Reached skill level 20 in Spellcasting
 73282 | Depths:2 | Noticed an ancient lich
 73286 | Depths:2 | Killed an ancient lich
 73344 | Depths:2 | Reached XP level 24. HP: 123/123 MP: 41/48
 73599 | D:15     | Learned a level 2 spell: Song of Slaying
 73825 | Orc:2    | Bought a ration for 65 gold pieces
 73825 | Orc:2    | Bought a scroll of teleportation for 39 gold pieces
 73825 | Orc:2    | Bought a scroll of fog for 26 gold pieces
 73825 | Orc:2    | Bought a ration for 65 gold pieces
 73825 | Orc:2    | Bought a ration for 65 gold pieces
 73825 | Orc:2    | Bought a potion of agility for 52 gold pieces
 73825 | Orc:2    | Bought a potion of might for 52 gold pieces
 73826 | Orc:2    | Bought a ration for 75 gold pieces
 73826 | Orc:2    | Bought 2 potions of curing for 90 gold pieces
 73826 | Orc:2    | Bought 22 bolts for 66 gold pieces
 73826 | Orc:2    | Bought a ration for 75 gold pieces
 73941 | D:7      | Bought a scroll of teleportation for 33 gold pieces
 73941 | D:7      | Bought a scroll of fog for 22 gold pieces
 73941 | D:7      | Bought a scroll of summoning for 104 gold pieces
 73969 | D:7      | Bought a ration for 55 gold pieces
 73969 | D:7      | Bought a ration for 55 gold pieces
 73969 | D:7      | Bought a ration for 55 gold pieces
 73969 | D:7      | Bought a ration for 55 gold pieces
 73969 | D:7      | Bought a ration for 55 gold pieces
 73969 | D:7      | Bought a ration for 55 gold pieces
 73969 | D:7      | Bought a ration for 55 gold pieces
 74145 | Depths:3 | Found a gateway to a ziggurat.
 74448 | Depths:3 | Found Gaky's Assorted Antiques.
 74526 | Depths:3 | Found a one-way gate leading to the halls of Pandemonium.
 74997 | Depths:2 | Reached skill level 13 in Charms
 75145 | Depths:2 | Reached skill level 22 in Stealth
 75804 | Depths:3 | Reached skill level 12 in Fighting
 76061 | Depths:3 | Reached skill level 20 in Dodging
 76653 | Depths:4 | Reached skill level 11 in Short Blades
 76877 | Depths:4 | Found an iron altar of Okawaru.
 76879 | Depths:4 | Found a hide-covered altar of Uskayaw.
 76879 | Depths:4 | Found a radiant altar of Vehumet.
 76967 | Depths:4 | Noticed a juggernaut
 76969 | Depths:4 | Killed a juggernaut
 76977 | Depths:4 | Noticed a juggernaut
 77133 | Depths:4 | Noticed a juggernaut
 77135 | Depths:4 | Killed a juggernaut
 77148 | Depths:4 | Reached skill level 23 in Stealth
 77361 | Depths:4 | Killed a juggernaut
 77361 | Depths:4 | Reached skill level 11 in Unarmed Combat
 77523 | Depths:4 | Reached XP level 25. HP: 130/130 MP: 45/48
 77825 | Depths:4 | Reached skill level 21 in Dodging
 78490 | Depths:4 | Noticed a juggernaut
 78511 | Depths:4 | Killed a juggernaut
 78732 | Depths:4 | Reached skill level 13 in Fighting
 78881 | D:15     | Learned a level 3 spell: Ozocubu's Armour
 79006 | Depths:5 | Entered Level 5 of the Depths
 79293 | Depths:5 | Found Lana's Antique Weapon Shop.
 79294 | Depths:5 | Found Foizaeg's Jewellery Shop.
 79294 | Depths:5 | Found Osofaora's Gadget Boutique.
 79330 | Depths:5 | Found Jutyuklon's Antique Weapon Boutique.
 80552 | Depths:5 | Reached skill level 12 in Short Blades
 80759 | Depths:5 | Found a gate to the Realm of Zot.
 80766 | Depths:5 | Reached skill level 24 in Stealth
 80801 | Depths:5 | Reached skill level 14 in Crossbows
 81319 | Vaults:5 | Entered Level 5 of the Vaults
 81347 | Vaults:5 | Reached skill level 12 in Unarmed Combat
 81386 | Vaults:5 | HP: 13/131 [tengu reaver/battleaxe of freezing (6)]
 81459 | Vaults:5 | Noticed an ancient lich
 82314 | Vaults:5 | Reached skill level 22 in Dodging
 82461 | Vaults:5 | Reached XP level 26. HP: 105/136 MP: 39/48
 82717 | Vaults:5 | Got a shimmering wooden ring
 82718 | Vaults:5 | Identified the ring "Fecaaj" {MP+9 Int+3} (You took it off a yaktaur on level 5 of the Vaults)
 83102 | Vaults:5 | Killed an ancient lich
 83102 | Vaults:5 | Reached skill level 15 in Crossbows
 84153 | Vaults:5 | Reached skill level 15 in Hexes
 84697 | Vaults:5 | Reached skill level 25 in Stealth
 85038 | Vaults:5 | Reached skill level 16 in Crossbows
 85189 | Vaults:5 | Noticed an ancient lich
 85191 | Vaults:5 | Killed an ancient lich
 85330 | Vaults:5 | Reached skill level 16 in Hexes
 85599 | Vaults:5 | Got a silver rune of Zot
 85611 | Vaults:5 | Reached skill level 23 in Dodging
 85785 | Vaults:4 | Bought a scroll of vulnerability for 150 gold pieces
 85785 | Vaults:4 | Bought a scroll of teleportation for 60 gold pieces
 86031 | Depths:3 | Bought a scroll of teleportation for 72 gold pieces
 86031 | Depths:3 | Bought a potion of haste for 240 gold pieces
 86031 | Depths:3 | Bought a runed blowgun for 132 gold pieces
 86127 | D:13     | Bought a potion of agility for 76 gold pieces
 86127 | D:13     | Bought a potion of haste for 190 gold pieces
 86127 | D:13     | Bought a potion of curing for 57 gold pieces
 86127 | D:13     | Bought a potion of brilliance for 76 gold pieces
 86127 | D:13     | Bought a potion of curing for 57 gold pieces
 86127 | D:13     | Bought a potion of heal wounds for 95 gold pieces
 86213 | D:7      | Bought a potion of agility for 116 gold pieces
 86213 | D:7      | Bought a potion of curing for 87 gold pieces
 86213 | D:7      | Bought a scroll of fear for 101 gold pieces
 86213 | D:7      | Bought a potion of curing for 87 gold pieces
 86384 | D:15     | Learned a level 5 spell: Summon Mana Viper
 86602 | Zot:1    | Entered Level 1 of the Realm of Zot
 86694 | Zot:1    | Reached XP level 27. HP: 142/142 MP: 47/48
 87241 | Zot:1    | Reached skill level 17 in Crossbows
 88036 | Zot:2    | Identified the +2 buckler of Intercession {+Fly} (You found it on level 2 of the Realm of Zot)
 88372 | Zot:2    | Reached skill level 26 in Stealth
 88792 | Zot:3    | Reached skill level 18 in Crossbows
 88866 | Zot:3    | Reached skill level 24 in Dodging
 89661 | Zot:4    | Reached skill level 27 in Stealth
 89661 | Zot:4    | Reached skill level 5 in Translocations
 89906 | Zot:4    | Reached skill level 6 in Translocations
 89910 | Zot:4    | Identified the cursed +3 dagger "Komoat" {pierce, rC- Dex+6} (You found it on level 4 of the Realm of Zot)
 90083 | Zot:4    | Reached skill level 7 in Translocations
 90102 | Zot:4    | Reached skill level 25 in Dodging
 90266 | Zot:5    | Entered Level 5 of the Realm of Zot
 90528 | Zot:5    | Reached skill level 8 in Translocations
 90707 | Zot:5    | Reached skill level 9 in Translocations
 90785 | Zot:5    | Reached skill level 10 in Translocations
 90931 | Zot:5    | Reached skill level 11 in Translocations
 91020 | Zot:5    | Reached skill level 26 in Dodging
 91023 | Zot:5    | Noticed an orb of fire
 91023 | Zot:5    | Noticed an orb of fire
 91024 | Zot:5    | Reached skill level 12 in Translocations
 91035 | Zot:5    | Noticed an ancient lich
 91035 | Zot:5    | Noticed an orb of fire
 91035 | Zot:5    | Noticed an orb of fire
 91035 | Zot:5    | Noticed an orb of fire
 91047 | Zot:5    | Gained mutation: You tend to lose your temper in combat. [an orb of fire]
 91048 | Zot:5    | Noticed an orb of fire
 91049 | Zot:5    | Killed an orb of fire
 91052 | Zot:5    | Killed an orb of fire
 91052 | Zot:5    | Reached skill level 13 in Translocations
 91054 | Zot:5    | Killed an orb of fire
 91057 | Zot:5    | Noticed an orb of fire
 91057 | Zot:5    | Noticed an orb of fire
 91057 | Zot:5    | Noticed an orb of fire
 91057 | Zot:5    | Noticed an orb of fire
 91057 | Zot:5    | Noticed an orb of fire
 91061 | Zot:5    | Noticed an ancient lich
 91353 | Zot:5    | Reached skill level 14 in Translocations
 91605 | D:15     | Lost mutation: You tend to lose your temper in combat. [potion of mutation]
 91605 | D:15     | Gained mutation: Your spells are a little harder to cast, but a little more powerful. [potion of mutation]
 91605 | D:15     | Gained mutation: You are partially covered in thin metallic scales. (AC +2) [potion of mutation]
 92012 | Zot:5    | Killed an ancient lich
 92160 | Zot:5    | Killed an orb of fire
 92165 | Zot:5    | Killed an orb of fire
 92165 | Zot:5    | Reached skill level 14 in Charms
 92181 | Zot:5    | Killed an orb of fire
 92187 | Zot:5    | Reached skill level 5 in Air Magic
 92340 | Zot:5    | Reached skill level 4 in Earth Magic
 92485 | Zot:5    | Noticed an ancient lich
 92505 | Zot:5    | Killed an ancient lich
 92519 | Zot:5    | Lost mutation: Your spells are a little harder to cast, but a little more powerful. [an orb of fire]
 92520 | Zot:5    | Gained mutation: You expend magic power (3 MP) to strengthen your wands. [an orb of fire]
 92529 | Zot:5    | Killed an orb of fire
 92644 | Zot:5    | Gained mutation: Your spells are a little easier to cast, but a little less powerful. [an orb of fire]
 92650 | Zot:5    | Killed an orb of fire
 92650 | Zot:5    | Reached skill level 21 in Spellcasting
 92687 | Zot:5    | Gained mutation: Your magical capacity is low. (-10% MP) [an orb of fire]
 92692 | Zot:5    | Gained mutation: Potions are less effective at restoring your health. [an orb of fire]
 92700 | Zot:5    | Gained mutation: Your spells are easier to cast, but less powerful. [an orb of fire]
 92701 | Zot:5    | Killed an orb of fire
 92995 | Zot:5    | Killed an ancient lich
 93351 | Zot:5    | Reached skill level 13 in Unarmed Combat
 93548 | Zot:5    | Reached skill level 14 in Fighting
 93925 | Zot:5    | Killed an orb of fire
 93925 | Zot:5    | Reached skill level 27 in Dodging
 94213 | D:15     | Learned a level 8 spell: Controlled Blink
 94218 | D:15     | Lost mutation: You expend magic power (3 MP) to strengthen your wands. [potion of mutation]
 94218 | D:15     | Gained mutation: Your mind is acute. (Int +2) [potion of mutation]
 94218 | D:15     | Gained mutation: Your muscles are strong. (Str +2) [potion of mutation]
 94218 | D:15     | Gained mutation: You have a somewhat thin skeletal structure. (Dex +2, Stealth) [potion of mutation]
 94219 | D:15     | Lost mutation: Your mind is acute. (Int +2) [potion of mutation]
 94219 | D:15     | Lost mutation: Potions are less effective at restoring your health. [potion of mutation]
 94219 | D:15     | Gained mutation: You are clumsy. (Dex -2) [potion of mutation]
 94219 | D:15     | Gained mutation: You tend to lose your temper in combat. [potion of mutation]
 94219 | D:15     | Gained mutation: Armour fits poorly on your strangely shaped body. [potion of mutation]
 94219 | D:15     | Gained mutation: You are partially covered in yellow scales. (AC +2) [potion of mutation]
 94220 | D:15     | Lost mutation: You are partially covered in thin metallic scales. (AC +2) [potion of mutation]
 94220 | D:15     | Lost mutation: Your magical capacity is low. (-10% MP) [potion of mutation]
 94220 | D:15     | Lost mutation: You are clumsy. (Dex -2) [potion of mutation]
 94220 | D:15     | Gained mutation: You are partially covered in rugged brown scales. (AC +1, +3% HP) [potion of mutation]
 94221 | D:15     | Lost mutation: You are partially covered in rugged brown scales. (AC +1, +3% HP) [potion of mutation]
 94221 | D:15     | Lost mutation: Armour fits poorly on your strangely shaped body. [potion of mutation]
 94221 | D:15     | Lost mutation: You are partially covered in yellow scales. (AC +2) [potion of mutation]
 94221 | D:15     | Lost mutation: Your spells are easier to cast, but less powerful. [potion of mutation]
 94221 | D:15     | Lost mutation: You tend to lose your temper in combat. [potion of mutation]
 94221 | D:15     | Gained mutation: Potions are less effective at restoring your health. [potion of mutation]
 94221 | D:15     | Gained mutation: You are somewhat resistant to further mutation. [potion of mutation]
 94222 | D:15     | Lost mutation: You have a somewhat thin skeletal structure. (Dex +2, Stealth) [potion of mutation]
 94222 | D:15     | Lost mutation: You are somewhat resistant to further mutation. [potion of mutation]
 94222 | D:15     | Lost mutation: Your muscles are strong. (Str +2) [potion of mutation]
 94222 | D:15     | Gained mutation: You occasionally shout uncontrollably at your foes. [potion of mutation]
 94222 | D:15     | Gained mutation: You are resistant to electric shocks. (rElec) [potion of mutation]
 94223 | D:15     | Lost mutation: Potions are less effective at restoring your health. [potion of mutation]
 94223 | D:15     | Lost mutation: You occasionally shout uncontrollably at your foes. [potion of mutation]
 94223 | D:15     | Lost mutation: Your spells are a little easier to cast, but a little less powerful. [potion of mutation]
 94223 | D:15     | Gained mutation: You are partially covered in iridescent scales. (AC +2) [potion of mutation]
 94223 | D:15     | Gained mutation: You evolve. [potion of mutation]
 94269 | Depths:2 | Voluntarily entered the Abyss.
 94382 | Abyss:3  | Found a corrupted altar of Lugonu.
 94885 | Abyss:3  | Got an abyssal rune of Zot
 95025 | Depths:2 | Escaped the Abyss
 95137 | D:13     | Bought a potion of invisibility for 152 gold pieces
 95223 | D:7      | Bought a potion of mutation for 232 gold pieces
 95359 | Slime:4  | Reached skill level 15 in Translocations
 95552 | Slime:5  | Entered Level 5 of the Pits of Slime
 95557 | Slime:5  | Reached skill level 16 in Translocations
 95788 | Slime:5  | Noticed the Royal Jelly
 95858 | Slime:5  | Killed the Royal Jelly
 95858 | Slime:5  | Reached skill level 17 in Translocations
 95976 | Slime:4  | Gained mutation: Your spells are a little easier to cast, but a little less powerful. [a shining eye]
 96013 | Slime:4  | Reached skill level 18 in Translocations
 96222 | Slime:5  | Reached skill level 19 in Translocations
 96322 | Slime:5  | Got a slimy rune of Zot
 96409 | Slime:5  | Identified the ring "Qughiuq" {Fire Str+4} (You found it on level 5 of the Pits of Slime)
 96411 | Slime:5  | Identified The Tome of Greatest Risks and Utility
 96418 | Slime:5  | Identified the +0 rapier of Linearity {holy, +Inv rF- rC+++ rN+} (You found it on level 5 of the Pits of Slime)
 96728 | D:15     | Learned a level 4 spell: Passage of Golubria
 96786 | Pan      | Entered Pandemonium
 96844 | Pan      | Noticed Mennas
 97059 | Pan      | Killed Mennas
 97504 | Pan      | Noticed Meog the pandemonium lord
 97576 | Pan      | Killed Meog the pandemonium lord
 97576 | Pan      | Reached skill level 14 in Unarmed Combat
 97731 | Pan      | Found an exit through the horrors of the Abyss.
 98031 | Pan      | Reached skill level 11 in Invocations
 98802 | Pan      | Reached skill level 12 in Invocations
 98827 | Pan      | Noticed Ipsuucs the pandemonium lord
 98848 | Pan      | Killed Ipsuucs the pandemonium lord
 98859 | Pan      | Reached skill level 13 in Invocations
 98956 | Pan      | Reached skill level 15 in Fighting
 99058 | Pan      | Got a demonic rune of Zot
 99565 | Pan      | Noticed Lunil the pandemonium lord
 99567 | Pan      | Killed Lunil the pandemonium lord
 99571 | Depths:3 | Escaped Pandemonium
 99575 | Pan      | Entered the realm of Gloorx Vloq.
 99575 | Pan      | Entered Pandemonium
 99585 | Pan      | Noticed Gloorx Vloq
 99591 | Pan      | Got a dark rune of Zot
 99971 | Pan      | Noticed Gloorx Vloq
100004 | Pan      | Identified Piunnos's Tome of Hurtful Stones
100110 | Pan      | Lost mutation: Your spells are a little easier to cast, but a little less powerful. [evolution]
100118 | Pan      | Noticed Yrishoam the pandemonium lord
100832 | Pan      | Reached skill level 16 in Fighting
101390 | Pan      | Identified the ring of Ixkiy {rC+ Str+3} (You took it off an angel in Pandemonium)
101401 | Pan      | Noticed a seraph
101414 | Pan      | Killed a seraph
101618 | Pan      | Found a glowing golden altar of the Shining One.
101633 | Pan      | Identified the Papyrus of Mutagenic Enhancements
101723 | Pan      | Reached skill level 1 in Armour
101804 | Pan      | Reached skill level 2 in Armour
101985 | Pan      | Reached skill level 3 in Armour
102205 | Pan      | Reached skill level 4 in Armour
102349 | Pan      | Reached skill level 17 in Fighting
102358 | Pan      | Found a white marble altar of Elyvilon.
102574 | Pan      | Identified the +2 buckler of the Jackalope {Stlth+} (You found it in Pandemonium)
102942 | Pan      | Found a glowing silver altar of Zin.
103062 | Depths:3 | Escaped Pandemonium
103070 | Pan      | Entered Pandemonium
103085 | Pan      | Noticed Gloorx Vloq
103247 | Pan      | Reached skill level 18 in Fighting
103351 | Pan      | Noticed Nenn the pandemonium lord
103355 | Pan      | Killed Nenn the pandemonium lord
103357 | Depths:3 | Escaped Pandemonium
103362 | Pan      | Entered the realm of Cerebov.
103362 | Pan      | Entered Pandemonium
103399 | Pan      | Noticed Cerebov
103407 | Pan      | Got a fiery rune of Zot
103429 | Pan      | Found an exit through the horrors of the Abyss.
103978 | Pan      | Identified the +2 troll leather armour of the Lotus Blossom {rPois rF+ Regen+ rCorr Int+3} (You took it off a balrug in Pandemonium)
104135 | Pan      | Identified the Grimoire of Entrancing Augmentations
104139 | Pan      | Identified the Catalogue of the Fetching Rocks
104167 | Pan      | Killed Cerebov
104167 | Pan      | Reached skill level 19 in Fighting
104223 | Pan      | Identified the +7 hand crossbow of Causality {speed, rPois Str+3 Dex-5} (You found it in Pandemonium)
104243 | Pan      | Identified the Guide on Warped Enhancements
104284 | Depths:3 | Escaped Pandemonium
104292 | Pan      | Entered the realm of Mnoleg.
104292 | Pan      | Entered Pandemonium
104597 | Pan      | Found an exit through the horrors of the Abyss.
105206 | Pan      | Noticed Mnoleg
105223 | Pan      | Killed Mnoleg
105223 | Pan      | Reached skill level 20 in Fighting
105266 | Pan      | Got a glowing rune of Zot
105305 | Pan      | Entered the realm of Lom Lobon.
105597 | Pan      | Found an exit through the horrors of the Abyss.
105612 | Pan      | Identified the ring "Seniunui" {rCorr rC+ Dex+4} (You found it in Pandemonium)
106284 | Pan      | Noticed Lom Lobon
106293 | Pan      | Killed Lom Lobon
106307 | Pan      | Got a magical rune of Zot
106483 | Pan      | Took an exit into the Abyss.
106483 | Abyss:1  | Escaped into the Abyss
106484 | Abyss:1  | Found a corrupted altar of Lugonu.
106507 | Abyss:1  | Noticed an ancient lich
106590 | Depths:3 | Escaped the Abyss
106812 | Hell     | Entered the Vestibule of Hell
106812 | Hell     | Noticed Geryon
106814 | Hell     | Killed Geryon
106814 | Hell     | Reached skill level 21 in Fighting
106985 | Hell     | Found a gateway to the decaying netherworld of Tartarus.
107074 | Hell     | Found a gateway to the ashen valley of Gehenna.
107134 | Hell     | Found a gateway to the Iron City of Dis.
107209 | Hell     | Found a gateway to the freezing wastes of Cocytus.
107281 | Tar:1    | Entered Level 1 of Tartarus
107424 | Tar:2    | You fall through a shaft!
108171 | Tar:6    | Reached skill level 22 in Fighting
108337 | Tar:7    | Entered Level 7 of Tartarus
108837 | Tar:7    | Identified the ring of Laeph {rC+ Str-3 Int+5 Dex+7 Slay-6} (You found it on level 7 of Tartarus)
109070 | Tar:7    | Reached skill level 23 in Fighting
109517 | Tar:7    | Found the +3 robe of Folly {Archmagi, MR-- Int+5}
109521 | Tar:7    | Identified the Papyrus of Ignition and Intoxication
109547 | Tar:7    | Identified the ring "Coyhiadgh" {+Fly rF+ rC+ rN+} (You found it on level 7 of Tartarus)
109583 | Tar:7    | Found the +2 robe of Vines {NoPotionHeal Regen+7}
110328 | Tar:7    | Noticed Ereshkigal
110332 | Tar:7    | Got a bone rune of Zot
110447 | Dis:1    | Entered Level 1 of the Iron City of Dis
110460 | Dis:1    | Reached skill level 15 in Unarmed Combat
110821 | Dis:7    | Entered Level 7 of the Iron City of Dis
111401 | Dis:7    | Reached skill level 16 in Unarmed Combat
111793 | Dis:7    | Found the ring of the Octopus King
111879 | Dis:7    | Identified a ring of the Octopus King {rN+ AC+1 EV+1 Str+1 Int+1 Dex+1} (You found it on level 7 of the Iron City of Dis)
111881 | Dis:7    | Identified the +0 cloak of the Saviour {rN+ MP+9} (You found it on level 7 of the Iron City of Dis)
112127 | Dis:7    | Reached skill level 17 in Unarmed Combat
112412 | Dis:7    | Gained mutation: You tend to lose your temper in combat. [a cacodemon]
112422 | Dis:7    | Lost mutation: You tend to lose your temper in combat. [potion of mutation]
112422 | Dis:7    | Lost mutation: You evolve. [potion of mutation]
112422 | Dis:7    | Gained mutation: Your body sometimes deteriorates upon taking damage. [potion of mutation]
112422 | Dis:7    | Gained mutation: You are surrounded by a mild repulsion field. (EV +2) [potion of mutation]
112423 | Dis:7    | Lost mutation: Your body sometimes deteriorates upon taking damage. [potion of mutation]
112423 | Dis:7    | Gained mutation: Your flesh is cold resistant. (rC+) [potion of mutation]
112423 | Dis:7    | Gained mutation: You have a pair of small horns on your head. [potion of mutation]
112423 | Dis:7    | Gained mutation: You can translocate small distances at will. [potion of mutation]
112582 | Dis:7    | Noticed the Serpent of Hell
112586 | Dis:7    | Killed the Serpent of Hell
112586 | Dis:7    | Reached skill level 18 in Unarmed Combat
112765 | Dis:7    | Noticed Dispater
112849 | Dis:7    | Killed Dispater
112851 | Dis:7    | Got an iron rune of Zot
112855 | Dis:7    | Identified the +5 rapier of Discretion {pierce, rPois rF+ Stlth+} (You found it on level 7 of the Iron City of Dis)
113081 | Coc:1    | Entered Level 1 of Cocytus
113083 | Coc:1    | Reached skill level 22 in Spellcasting
113209 | Coc:7    | Entered Level 7 of Cocytus
113478 | Coc:7    | Reached skill level 23 in Spellcasting
113485 | Coc:7    | Identified the ring of the Hare {rCorr Int+3 Dex-5 Stlth+} (You took it off a frost giant on level 7 of Cocytus)
113963 | Coc:7    | Reached skill level 24 in Spellcasting
114217 | Coc:7    | Noticed Antaeus
114243 | Coc:7    | Killed Antaeus
114259 | Coc:7    | Reached skill level 25 in Spellcasting
114271 | Coc:7    | Got an icy rune of Zot
114276 | Coc:7    | Identified the Incunabulum of Assistive Envenoming
114396 | Hell     | Learned a level 8 spell: Death's Door
114401 | Geh:1    | Entered Level 1 of Gehenna
114508 | Geh:5    | Reached skill level 1 in Necromancy
114569 | Geh:7    | Entered Level 7 of Gehenna
114638 | Geh:7    | Reached skill level 2 in Necromancy
114661 | Geh:7    | Reached skill level 15 in Charms
114698 | Geh:7    | Reached skill level 3 in Necromancy
114747 | Geh:7    | Reached skill level 4 in Necromancy
114799 | Geh:7    | Reached skill level 5 in Necromancy
114871 | Geh:7    | Noticed Asmodeus
114876 | Geh:7    | Got an obsidian rune of Zot
114990 | D:15     | Learned a level 8 spell: Borgnjor's Revivification
115041 | D:13     | Bought a potion of lignification for 57 gold pieces
115154 | Orc:2    | Bought a wand of paralysis (10) for 180 gold pieces
115154 | Orc:2    | Bought a wand of enslavement (5) for 105 gold pieces
115154 | Orc:2    | Bought a wand of enslavement (17) for 285 gold pieces
115154 | Orc:2    | Bought a wand of polymorph (10) for 180 gold pieces
115154 | Orc:2    | Bought a wand of iceblast (3) for 105 gold pieces
115662 | D:15     | Learned a level 5 spell: Lee's Rapid Deconstruction
115673 | D:15     | Learned a level 5 spell: Silence
115675 | D:15     | Learned a level 1 spell: Summon Butterflies
116190 | Tomb:1   | Noticed a greater mummy
116196 | Tomb:1   | Killed a greater mummy
116241 | Tomb:1   | Reached skill level 6 in Necromancy
116243 | Tomb:1   | Noticed a greater mummy
116256 | Tomb:1   | Killed a greater mummy
116304 | Tomb:1   | Reached skill level 7 in Necromancy
116311 | Tomb:1   | Noticed a greater mummy
116322 | Tomb:1   | Killed a greater mummy
116470 | Tomb:1   | Reached skill level 8 in Necromancy
116526 | Tomb:1   | Noticed a greater mummy
116534 | Tomb:1   | Killed a greater mummy
116595 | Tomb:1   | Noticed a greater mummy
116606 | Tomb:1   | Killed a greater mummy
116710 | Tomb:1   | Noticed a greater mummy
116730 | Tomb:1   | Killed a greater mummy
116730 | Tomb:1   | Reached skill level 9 in Necromancy
116804 | Tomb:1   | Noticed a greater mummy
116842 | Tomb:1   | Killed a greater mummy
116921 | Tomb:1   | Noticed a greater mummy
116926 | Tomb:1   | Killed a greater mummy
116926 | Tomb:1   | Reached skill level 10 in Necromancy
116988 | Tomb:1   | Noticed a greater mummy
117029 | Tomb:1   | Killed a greater mummy
117122 | Tomb:1   | Noticed a greater mummy
117156 | Tomb:1   | Killed a greater mummy
117222 | Tomb:1   | Noticed a greater mummy
117240 | Tomb:1   | Killed a greater mummy
117240 | Tomb:1   | Reached skill level 11 in Necromancy
117517 | Tomb:3   | Entered Level 3 of the Tomb of the Ancients
117517 | Tomb:3   | Noticed Artagas's ghost (legendary HOFi)
117525 | Tomb:3   | Noticed Khufu
117528 | Tomb:3   | Noticed a greater mummy
117531 | Tomb:3   | Got a golden rune of Zot
117533 | Tomb:3   | Noticed a greater mummy
117550 | Tomb:3   | Noticed a greater mummy
117916 | D:15     | Learned a level 2 spell: Blink
117925 | D:15     | Learned a level 8 spell: Necromutation
117928 | D:15     | Learned a level 2 spell: Passwall
118320 | Zot:5    | Got the Orb of Zot
118817 | D:$      | Escaped with the Orb!

Skill      XL: |  1  2  3  4  5  6  7  8  9 10 11 12 13 14 15 16 17 18 19 20 21 22 23 24 25 26 27 |
---------------+----------------------------------------------------------------------------------+-----
Short Blades   | 2 3 6 9 10 11 12 | 12.5
Spellcasting   | 3 5 6 8 9 10 11 12 13 14 15 19 20 25 | 25.1
Translocations | 2 4 19 | 19.1
Stealth        | 7 8 11 13 15 16 17 18 20 21 23 24 25 27 | 27.0
Fighting       | 3 5 6 7 8 9 10 11 12 13 23 | 23.5
Hexes          | 4 7 9 10 11 12 13 14 16 | 16.6
Dodging        | 5 9 10 12 13 15 16 17 18 19 20 22 23 27 | 27.0
Invocations    | 2 4 5 6 7 8 9 10 13 | 13.0
Shields        | 2 4 5 6 7 |  7.2
Evocations     | 2 4 9 14 15 | 15.5
Transmutations | 1 4 6 10 11 12 13 14 16 | 16.9
Earth Magic    | 1 3 4 |  4.0
Poison Magic   | 1 |  1.1
Ice Magic      | 1 |  1.0
Air Magic      | 1 4 5 |  5.0
Conjurations   | 1 |  1.0
Unarmed Combat | 7 10 11 12 18 | 18.7
Crossbows      | 3 13 14 16 18 | 18.0
Charms         | 1 12 13 15 | 15.0
Armour         | 4 |  4.2
Necromancy     | 11 | 11.5

Action                   |  1- 3 |  4- 6 |  7- 9 | 10-12 | 13-15 | 16-18 | 19-21 | 22-24 | 25-27 || total
-------------------------+-------+-------+-------+-------+-------+-------+-------+-------+-------++-------
Melee: Dagger            |   104 |    52 |   246 |   262 |   759 |   653 |   746 |   821 |  1003 ||  4646
       Unarmed           |       |       |       |       |       |    87 |   112 |   416 |  1715 ||  2330
       Punch             |       |       |       |       |       |     2 |     8 |    42 |   202 ||   254
       Tailslap          |       |       |       |       |       |       |     5 |    20 |   232 ||   257
       Bite              |       |       |       |       |       |       |     4 |    15 |   170 ||   189
       Headbutt          |       |       |       |       |       |       |       |       |    48 ||    48
 Fire: Arbalest          |       |       |       |       |       |       |    82 |     8 |  1509 ||  1599
 Cast: Corona            |    17 |     8 |    13 |    33 |    31 |    40 |     1 |     8 |    24 ||   175
       Ensorcelled Hiber |    36 |    63 |    71 |   255 |   358 |   118 |    66 |    36 |    38 ||  1041
       Confuse           |       |     4 |   114 |    85 |   182 |   270 |   163 |   409 |   516 ||  1743
       Slow              |       |       |    11 |     6 |     1 |       |       |     2 |     5 ||    25
       Tukima's Dance    |       |       |     4 |     7 |    41 |     7 |       |     1 |       ||    60
       Dazzling Spray    |       |       |     1 |     1 |     5 |    12 |     6 |       |       ||    25
       Passwall          |       |       |       |     1 |    39 |    49 |    23 |    18 |   119 ||   249
       Blink             |       |       |       |     1 |     7 |     9 |    22 |    13 |     8 ||    60
       Mephitic Cloud    |       |       |       |       |     3 |     2 |       |       |       ||     5
       Portal Projectile |       |       |       |       |       |     1 |       |       |     5 ||     6
       Blade Hands       |       |       |       |       |       |    14 |     8 |    50 |   111 ||   183
       Apportation       |       |       |       |       |       |       |    16 |    37 |   184 ||   237
       Dragon Form       |       |       |       |       |       |       |     3 |    13 |   111 ||   127
       Regeneration      |       |       |       |       |       |       |       |    16 |   376 ||   392
       Deflect Missiles  |       |       |       |       |       |       |       |     3 |     7 ||    10
       Ozocubu's Armour  |       |       |       |       |       |       |       |       |   412 ||   412
       Song of Slaying   |       |       |       |       |       |       |       |       |     1 ||     1
       Summon Butterflie |       |       |       |       |       |       |       |       |     2 ||     2
       Controlled Blink  |       |       |       |       |       |       |       |       |    49 ||    49
       Passage of Golubr |       |       |       |       |       |       |       |       |    19 ||    19
       Lee's Rapid Decon |       |       |       |       |       |       |       |       |    17 ||    17
       Silence           |       |       |       |       |       |       |       |       |     8 ||     8
       Summon Mana Viper |       |       |       |       |       |       |       |       |     1 ||     1
Invok: Shadow Step       |       |       |       |       |    12 |    15 |    14 |    14 |    42 ||    97
 Abil: Evoke Invisibilit |       |       |       |       |     1 |    21 |    37 |    23 |     4 ||    86
       Cancel Portal Pro |       |       |       |       |       |     1 |       |       |       ||     1
       End Transformatio |       |       |       |       |       |    14 |     9 |    59 |   216 ||   298
       Evoke Flight      |       |       |       |       |       |    16 |    28 |     9 |     4 ||    57
       Stop Flying       |       |       |       |       |       |     4 |    14 |     3 |     1 ||    22
Evoke: Wand              |       |       |     1 |     1 |    24 |     7 |     6 |     5 |    41 ||    85
       Staff of energy   |       |       |       |       |       |       |       |       |   208 ||   208
  Use: Scroll            |     6 |     7 |    20 |    11 |     9 |    11 |    19 |     8 |    87 ||   178
       Potion            |       |       |       |     1 |     1 |     1 |       |     2 |    62 ||    67
 Stab: Sleeping          |    38 |    45 |    56 |   119 |   330 |   254 |   256 |   160 |   279 ||  1537
       Confused          |       |     3 |    54 |    38 |   101 |   123 |    86 |   198 |   299 ||   902
       Paralysed         |       |       |     2 |     1 |       |       |     1 |       |       ||     4
       Distracted        |       |       |       |     1 |     6 |     3 |     4 |    10 |    15 ||    39
       Invisible         |       |       |       |     3 |       |    24 |    73 |    72 |     7 ||   179
  Eat: Ration            |     1 |     2 |     2 |     3 |     6 |    14 |    18 |    19 |    56 ||   121
Armor: Robe              |    10 |       |     6 |     6 |     9 |     6 |     9 |    14 |    92 ||   152
       Skin              |       |       |       |       |       |       |    14 |    16 |   181 ||   211
Dodge: Dodged            |    74 |    12 |    60 |   108 |   273 |   238 |   276 |   685 |  2104 ||  3830
       Deflected         |       |       |       |       |       |       |       |    11 |    62 ||    73
Block: Buckler           |       |       |       |    10 |   182 |   111 |    91 |   165 |   128 ||   687

Table legend:
 A = Turns spent in this place as a percentage of turns spent in the entire game.
 B = Non-inter-level travel turns spent in this place as a percentage of non-inter-level travel turns spent in the entire game.
 C = Inter-level travel turns spent in this place as a percentage of turns spent in this place.
 D = Turns resting spent in this place as a percentage of non-inter-level travel turns spent in this place.
 E = Turns spent auto-exploring this place as a percentage of non-inter-level travel turns spent in this place.
 F = Non-inter-level travel turns spent in this place divided by the number of levels of this place that you've seen.
                   A       B       C       D       E      F
               +-------+-------+-------+-------+-------+----------------------
         Total | 100.0 | 100.0 |  14.8 |  22.4 |   3.1 | 896.4
       Dungeon |  20.8 |  17.5 |  28.6 |  16.2 |   1.4 | 1178.7
        Temple |   0.1 |   0.1 |  37.8 |   0.0 |   0.0 |  51.0
          Lair |   7.1 |   6.9 |  17.5 |  10.8 |   9.7 | 1167.2
        Shoals |   4.1 |   4.3 |  10.8 |  32.5 |   1.2 | 1095.5
     Snake Pit |   4.8 |   5.3 |   5.4 |  26.0 |   4.1 | 1337.8
    Slime Pits |   1.3 |   1.4 |   3.7 |  27.0 |   0.0 | 292.8
  Orcish Mines |   2.3 |   2.2 |  19.9 |  15.8 |   2.2 | 1094.0
   Elven Halls |   5.6 |   5.9 |  10.2 |  34.4 |   2.3 | 1979.0
        Vaults |   9.9 |   9.8 |  15.3 |  30.0 |   4.5 | 1994.2
         Crypt |   5.0 |   4.9 |  15.0 |  47.4 |   1.7 | 1669.3
          Tomb |   3.6 |   4.0 |   7.1 |  19.4 |   0.5 | 1340.3
        Depths |  11.2 |  10.8 |  17.4 |  30.2 |   2.4 | 2194.0
          Hell |   0.6 |   0.5 |  29.5 |   9.7 |  20.3 | 513.0
           Dis |   2.1 |   2.4 |   4.9 |   4.2 |   0.0 | 342.7
       Gehenna |   0.4 |   0.5 |   0.0 |   1.2 |   0.0 |  72.4
       Cocytus |   1.0 |   1.2 |   1.4 |   1.9 |   0.0 | 175.7
      Tartarus |   2.6 |   2.9 |   4.1 |   2.1 |   1.3 | 422.9
           Zot |   6.2 |   6.3 |  13.9 |  18.8 |   4.3 | 1275.4
         Abyss |   0.7 |   0.9 |   0.0 |   0.0 |   0.0 | 215.8
   Pandemonium |   8.1 |   9.5 |   0.0 |  13.5 |   5.3 | 744.0
     Labyrinth |   0.2 |   0.2 |   0.0 |   0.0 |   0.0 | 213.0
        Bazaar |   0.0 |   0.1 |   0.0 |   0.0 |   0.0 |  51.0
         Trove |   0.1 |   0.1 |   0.0 |   0.0 |   0.0 |  81.0
       Ossuary |   0.8 |   0.9 |   0.0 |  53.8 |   0.0 | 898.0
        Wizlab |   1.2 |   1.4 |   0.0 |  57.6 |   0.0 | 1445.0
    Desolation |   0.0 |   0.1 |   0.0 |   0.0 |   0.0 |  52.0
               +-------+-------+-------+-------+-------+----------------------

Table legend:
 A = Kills in this place as a percentage of kills in entire the game.
 B = Kills by you in this place as a percentage of kills by you in the entire game.
 C = Kills by friends in this place as a percentage of kills by friends in the entire game.
 D = Other kills in this place as a percentage of other kills in the entire game.
 E = Experience gained in this place as a percentage of experience gained in the entire game.
 F = Experience gained in this place divided by the number of levels of this place that you have seen.
                   A       B       C       D       E      F
               +-------+-------+-------+-------+-------+----------------------
         Total | 100.0 | 100.0 | 100.0 | 100.0 | 100.0 | 28344.9
       Dungeon |  13.5 |  13.6 |  27.8 |   4.7 |   3.0 | 6332.9
          Lair |   6.1 |   6.1 |   5.6 |   0.0 |   2.0 | 10523.5
        Shoals |   4.2 |   4.2 |   0.0 |   0.0 |   3.3 | 26357.8
     Snake Pit |   4.5 |   4.5 |   0.0 |   2.3 |   3.3 | 26134.8
    Slime Pits |   2.7 |   2.7 |   0.0 |   0.0 |   2.8 | 17703.0
  Orcish Mines |   2.8 |   2.5 |  50.0 |  14.0 |   0.7 | 11981.5
   Elven Halls |   4.7 |   4.7 |  11.1 |   0.0 |   4.2 | 44831.0
        Vaults |  10.0 |  10.0 |   0.0 |  14.0 |  11.0 | 70313.4
         Crypt |   4.1 |   4.1 |   0.0 |   2.3 |   3.6 | 38875.0
          Tomb |   3.0 |   3.0 |   0.0 |   2.3 |   4.7 | 49800.7
        Depths |   9.9 |   9.4 |   5.6 |  58.1 |  12.4 | 79369.0
          Hell |   1.8 |   1.8 |   0.0 |   0.0 |   1.7 | 54252.0
           Dis |   4.4 |   4.4 |   0.0 |   0.0 |   5.6 | 25728.9
       Gehenna |   1.7 |   1.7 |   0.0 |   2.3 |   1.1 | 5207.7
       Cocytus |   3.9 |   4.0 |   0.0 |   0.0 |   4.0 | 18334.6
      Tartarus |   5.2 |   5.3 |   0.0 |   0.0 |   5.7 | 25974.3
           Zot |   5.0 |   5.1 |   0.0 |   0.0 |  14.7 | 94374.8
         Abyss |   0.5 |   0.5 |   0.0 |   0.0 |   0.4 | 3009.5
   Pandemonium |   9.8 |  10.0 |   0.0 |   0.0 |  14.9 | 36651.2
     Labyrinth |   0.0 |   0.0 |   0.0 |   0.0 |   0.0 | 1038.0
       Ossuary |   0.7 |   0.8 |   0.0 |   0.0 |   0.0 | 375.0
        Wizlab |   1.3 |   1.3 |   0.0 |   0.0 |   0.8 | 24825.0
    Desolation |   0.3 |   0.3 |   0.0 |   0.0 |   0.2 | 5874.0
               +-------+-------+-------+-------+-------+----------------------

Vault maps used:
D:1:      dpeg_arrival_shelter, minmay_strange_pillars,
          minmay_misc_feat_nine_boxes
D:2:      first_ration
D:3:      kennysheep_cross_bottleneck
D:5:      minmay_opposing_rooms, nicolae_ossuary_entry_monument, uniq_grinder
D:6:      uniq_edmund, uniq_eustachio, uniq_menkaure
D:7:      minmay_klotski, minmay_temple_entry_fiery, serial_shops,
          nicolae_shop_waterfront, shop, kennysheep_little_box, kennysheep_mini,
          shop, uniq_duvessa
D:8:      overflow_temple_1_default, lair_entry_dummy, basic_altar
D:9:      david_orc_3, elyvilon_altar_4, uniq_prince_ribbit1, uniq_maurice
D:10:     uniq_gastronok
D:11:     regret_index_combs_of_tragedy
D:12:     uniq_psyche
D:13:     wad_arrow_thing, erik_vaults_2, lab_entry_generic, serial_shops,
          nicolae_shop_window_shopping, david_nohive_1,
          nicolae_dithmenos_through_a_glass_darkly, uniq_josephine
D:14:     nicolae_ru_path_of_blood, basic_loot_grate_trap, uniq_rupert
D:15:     gammafunk_depths_entry_grave, enter_trove_3,
          minmay_misc_feat_secret_circle, minmay_misc_feat_four_crosses,
          moated_statue
Temple:   kilobyte_greek_temple
Lair:1:   basic_altar, grunt_megastairs_4, infiniplex_staircase_pool_2,
          serial_bayou_shore_b
Lair:2:   guppyfry_snake_entry_island, minmay_lair_oklob_chamber
Lair:3:   minmay_shoals_entry_hut
Lair:4:   st_stairs_10
Lair:5:   minmay_slime_entry_jelly_boxes, grunt_megastairs_2
Lair:6:   minmay_lair_end_enchanted_forest, grunt_megastairs_3,
          lemuel_fruit_fields
Shoals:1: uniq_frances
Shoals:2: serial_shops, nicolae_shop_behind_doors, uniq_louise
Shoals:3: argonaut_golden_fleece, nicolae_shoals_kraken_party, uniq_aizul
Shoals:4: shoals_end_grunt_ice, shoals_ilsuiw_alternative,
          nicolae_shoals_stone_sculpture_thing, nicolae_shoals_mertower
Snake:3:  serial_shops, bzr_entry_road
Snake:4:  snake_pit, basic_altar, serial_bayou_shore_a
Slime:3:  nicolae_slime_barrier, cheibrodos_slime_lost_civilization_5
Orc:1:    uniq_erica
Orc:2:    st_orc_ogre_mass, serial_shops, nicolae_shop_behind_doors,
          nicolae_orc_flooded_monolith
Elf:1:    minmay_elf_arrival_plus, orc_legates
Elf:2:    portal_desolation_entry_ruin, infiniplex_enter_wizlab_spiral
Elf:3:    minmay_elf_hall_dome, minmay_misc_feat_five, uniq_donald
Vaults:1: nicolae_vaults_big_ls, vaults_dpeg_doors, ontoclasm_vaults_shuriken,
          vaults_standard_mumra_enter_the_diamond, nicolae_vaults_little_ls,
          vaults_room_octagon, vaults_mumra_hexcomb, v_misc_26,
          nicolae_vaults_mini_display_case, vaults_dpeg_encased_lava,
          nicolae_vaults_big_angled_halls, vaults_dpeg_cross,
          vaults_room_stairs_pillars, vaults_dpeg_ring
Vaults:2: v_misc_33, vaults_room_door_hall, v_misc_16,
          minmay_crypt_entry_simple_corners, hangedman_vaults_impose,
          hangedman_vaults_snaps, v_misc_2, hangedman_vaults_slice,
          serial_shops, nicolae_shop_waterfront
Vaults:3: ontoclasm_vaults_ring_large, v_misc_22,
          vaults_room_hangedman_quadrants, v_pattern_4, hangedman_vaults_maws,
          hangedman_vaults_river_flow, v_rooms_4,
          nicolae_vaults_network_quinsquares,
          nicolae_vaults_stairing_the_circle, nicolae_vaults_hallways_thing,
          vaults_room_octagon, ontoclasm_vaults_fault
Vaults:4: nicolae_vaults_ninety_degrees, v_alt_pattern_1, vaults_room_grid,
          vaults_room_octagon, nicolae_vaults_little_squares_2,
          ontoclasm_vaults_chip, vaults_room_mumra_shop_pool, basic_altar
Crypt:1:  st_stairs_1
Crypt:2:  serial_sigils_hangedman_scratch, eino_tiny_chamber
Crypt:3:  cryptofortress_bobbens
Depths:1: marbit_kobold_abyss_entry, hellmouth_3, ashenzari_altar_1,
          nemelex_diamond_rough_becter, minmay_shop_grove
Depths:2: cheibrodos_cascadia, hangedman_abyss_entry_splay, grunt_hell_horde,
          corexii_leaking_fountain, grunt_megastairs_5
Depths:3: hangedman_arch_fort, enter_ziggurat_c, hell_entry,
          serial_sigils_hangedman_writhe, serial_shops,
          nicolae_shop_overgrown_old_shop, grunt_pan_entry_zigzag,
          minmay_staircase_statues, firewood_loft
Depths:4: hangedman_slaughterboxes, serial_shops, abyss_entry, hell_entry
Depths:5: lemuel_castle_with_subvaults, abyss_entry, hangedman_coc_ice_floe,
          hex_medium, minmay_shoptagon
Dis:4:    hangedman_player_shredder
Dis:7:    dis_st
Geh:2:    nicolae_geh_fiery_graves
Geh:6:    lemuel_flamethrower_3
Geh:7:    geh_grunt_pentagon
Coc:4:    lemuel_elevator
Coc:7:    coc_mu
Tar:2:    nicolae_tar_cuneiform_water
Tar:3:    nicolae_tar_cuneiform_three
Tar:5:    minmay_shadows, nicolae_tar_cuneiform_water
Tar:6:    lemuel_elevator
Tar:7:    tar_mu
Zot:1:    zot_minivault_5
Zot:5:    hangedman_zot_decor_checkerboard
Abyss:3:  evilmike_nicolae_abyss_rune_containment_curve
Pan:      nicolae_pan_diamonds, uniq_mennas_pan, rand_demon_3,
          nicolae_pan_cerebovesque_4, rand_demon_5, rand_demon_4, gloorx_vloq,
          grunt_pan_in_and_out, regret_index_pan_draining_boxed, rand_demon_1,
          uniq_gloorx_vloq, evilmike_holy_pan, grunt_pan_spiral,
          uniq_gloorx_vloq, nicolae_pan_gloorx_vloqian_3, cerebov_grunt,
          nicolae_pan_cerebovesque_3, mnoleg, pan_blood_fountain_small,
          lom_lobon_spiral_st, special_room
Lab:      labyrinth_spiral, nicolae_lab_statue
Bazaar:   bazaar_minmay_row
Trove:    trove_garden
Ossuary:  ossuary_tomb_2
WizLab:   wizlab_cigotuvi
